 Dungeon Crawl Stone Soup version 0.30-b1-2-g02819fbbbe (webtiles) character file.

Game seed: 9900029392994103284

610207 darkwiz the Conqueror (level 26, -16/242 HPs)
             Began as a Demonspawn Chaos Knight on May 31, 2023.
             Was a Favourite Plaything of Xom.
             Killed from afar by an ancient lich (20 damage)
             ... with a bolt of acid
             ... on level 5 of the Realm of Zot on June 1, 2023.
             The game lasted 05:12:47 (60423 turns).

darkwiz the Conqueror (Demonspawn Chaos Knight)    Turns: 60423, Time: 05:12:47

Health: -16/242    AC: 33    Str:  9    XL:     26   Next: 22%
Magic:  0/41       EV: 11    Int: 13    God:    Xom [...*..]
Gold:   2265       SH:  0    Dex: 26    Spells: 10/25 levels left

rFire   + + +        Z - +9 demon blade (chaos)
rCold   + + +        (no shield)
rNeg    + + +        t - +11 shadow dragon scales
rPois   +            X - -2 hat of the Alchemist {rElec rPois rF+ rC+ rN+ Will+ rMut rCorr}
rElec   +            O - +0 cloak of the Evil One {rN+++ Will++ MP+9 Int-2}
rCorr   +            (gloves unavailable)
SInv    +            C - +3 pair of boots of Supple Strength {rN+ rCorr Str-4 Dex+5}
Will    ++++.        k - amulet of regeneration
Stlth   +++++++++    Q - ring "Zyuk" {rF++ rC+ Str-2}
HPRegen 1.40/turn    o - ring of Xom's Attic {MP+9 Str+2 SInv}
MPRegen 0.54/turn

%: resist mutation, guardian spirit
@: brilliant, marked, corroded, hasted and slowed, studying Long Blades,
invisible, unable to drink
A: icy blue scales 3, ignite blood 2, magic shield, magic regeneration, magic
link, corrupting presence 2, word of chaos, demonic touch 3, hooves 1, see
invisible, dopey 1, passive freeze
}: 4/15 runes: decaying, silver, abyssal, gossamer
a: Word of Chaos, Renounce Religion


You were on level 5 of the Realm of Zot.
You worshipped Xom.
You were a favourite toy of Xom.
You visited 12 branches of the dungeon, and saw 52 of its levels.
You visited the Abyss 4 times.
You also visited: Volcano.

You collected 8427 gold pieces.
You spent 6162 gold pieces at shops.

Inventory:

Hand Weapons
 G - a +6 dagger of chaos
 U - the +9 shortbow "Gashrasu" {freeze, Fly Str+3 Int+5}
   (You found it on level 3 of the Elven Halls)

   Str:       It affects your strength (+3).
   Int:       It affects your intelligence (+5).
   Fly:       It grants you flight.
 Z - a +9 demon blade of chaos (weapon)
Missiles
 g - 49 poisoned darts (quivered)
Armour
 t - +11 shadow dragon scales (worn)
 C - the +3 pair of boots of Supple Strength (worn) {rN+ rCorr Str-4 Dex+5}
   (You acquired it on level 4 of the Spider Nest)

   Str:       It affects your strength (-4).
   Dex:       It affects your dexterity (+5).
   rN:        It protects you from negative energy.
   rCorr:     It protects you from acid and corrosion.
 K - a +2 pair of boots of flying
 O - the +0 cloak of the Evil One (worn) {rN+++ Will++ MP+9 Int-2}
   (You acquired it on level 2 of the Swamp)

   Int:       It affects your intelligence (-2).
   rN:        It renders you almost immune to negative energy.
   MP:        It affects your magic capacity (+9).
   Will:      It greatly increases your willpower.
 P - +5 steam dragon scales
 X - the -2 hat of the Alchemist (worn) {rElec rPois rF+ rC+ rN+ Will+ rMut rCorr}
   (You found it on level 11 of the Dungeon)

   rF:        It protects you from fire.
   rC:        It protects you from cold.
   rElec:     It insulates you from electricity.
   rPois:     It protects you from poison.
   rN:        It protects you from negative energy.
   rCorr:     It protects you from acid and corrosion.
   rMut:      It protects you from mutation.
   Will:      It increases your willpower.
Jewellery
 h - a ring of flight
 k - an amulet of regeneration (around neck)
 o - the ring of Xom's Attic (right hand) {MP+9 Str+2 SInv}
   (You bought it in a shop on level 3 of the Elven Halls)

   [ring of magical power]

   Str:       It affects your strength (+2).
   MP:        It affects your magic capacity (+9).
   SInv:      It lets you see invisible.
 w - the ring of the Blue Skies {+Blink rCorr Str-4 Dex+6 Stlth+}
   (You took it off a vault guard on level 5 of the Vaults)

   [ring of dexterity]

   Str:       It affects your strength (-4).
   Dex:       It affects your dexterity (+6).
   +Blink:    It lets you blink.
   rCorr:     It protects you from acid and corrosion.
   Stlth:     It makes you more stealthy.
 A - the amulet of Contentment {Acrobat Rampage Fragile rC+ Int+4}
   (You took it off a deep elf demonologist on level 3 of the Elven Halls)

   [amulet of the acrobat]

   It increases your evasion while moving and waiting.
   Int:       It affects your intelligence (+4).
   rC:        It protects you from cold.
   Fragile:   It will be destroyed if unequipped.
   Rampage:   It bestows one free step when moving towards enemies.
 F - the ring "Milej" {rPois rF+}
   (You took it off a vault warden on level 5 of the Vaults)

   [ring of protection from fire]

   rF:        It protects you from fire.
   rPois:     It protects you from poison.
 Q - the ring "Zyuk" (left hand) {rF++ rC+ Str-2}
   (You found it on level 10 of the Dungeon)

   [ring of protection from cold]

   Str:       It affects your strength (-2).
   rF:        It greatly protects you from fire.
   rC:        It protects you from cold.
Wands
 a - a wand of polymorph (24)
 H - a wand of roots (27)
 J - a wand of mindburst (19)
 M - a wand of quicksilver (8)
 N - a wand of paralysis (42)
 W - a wand of digging (17)
Scrolls
 f - 12 scrolls of vulnerability
 j - 13 scrolls of teleportation
 m - a scroll of magic mapping
 p - 5 scrolls of fear
 r - a scroll of silence
 v - 7 scrolls of poison
 y - a scroll of blinking
 B - 18 scrolls of amnesia
 L - 2 scrolls of immolation
 R - 50 scrolls of identify
 S - 11 scrolls of fog
Potions
 b - 6 potions of heal wounds
 d - 10 potions of flight
 e - 17 potions of curing
 i - 10 potions of magic
 l - 17 potions of brilliance
 q - 6 potions of might
 s - 6 potions of mutation
 u - 6 potions of ambrosia
 x - 7 potions of cancellation
 z - 3 potions of haste
 D - 11 potions of resistance
 T - 3 potions of invisibility
 Y - 3 potions of berserk rage
Miscellaneous
 c - a piece from Xom's chessboard (15/15)
 n - a box of beasts (inert)
 E - a phantom mirror (inert)
 I - a lightning rod (1/4)


   Skills:
 O Level 27 Fighting
 - Level 16.1 Long Blades
 - Level 10.5 Ranged Weapons
 - Level 3.1 Throwing
 - Level 15.0 Armour
 - Level 14.0 Dodging
 - Level 20.3 Stealth
 - Level 2.4 Conjurations
 - Level 10.0 Hexes
 - Level 12.6 Translocations
 + Level 12.7 Evocations


You had 10 spell levels left.
You knew the following spells:

 Your Spells              Type           Power      Damage    Failure   Level
a - Blink                 Tloc           98%        N/A       7%          2
b - Teleport Other        Tloc           49%        N/A       14%         3
c - Passage of Golubria   Tloc           49%        N/A       41%         4
d - Confusing Touch       Hex            39%        N/A       36%         3
e - Tukima's Dance        Hex            39%        N/A       36%         3

Your spell library contained the following spells:

 Spells                   Type           Power      Damage    Failure   Level
 Apportation              Tloc           98%        N/A       4%          1
 Lesser Beckoning         Tloc           98%        N/A       7%          2
 Slow                     Hex            100%       N/A       13%         1
 Gell's Gravitas          Tloc           49%        N/A       14%         3
 Portal Projectile        Hex/Tloc       88%        N/A       24%         3
 Manifold Assault         Tloc           49%        N/A       41%         4
 Cause Fear               Hex            19%        N/A       78%         4
 Ensorcelled Hibernation  Hex/Ice        38%        N/A       83%         2
 Dazzling Flash           Conj/Hex       48%        N/A       88%         3
 Volatile Blastmotes      Fire/Tloc      48%        2d14      88%         3
 Magic Dart               Conj           36%        1d4       96%         1
 Inner Flame              Hex/Fire       19%        N/A       97%         3
 Summon Guardian Golem    Hex/Summ       19%        N/A       97%         3
 Iskenderun's Mystic Bla  Conj/Tloc      29%        2d7       98%         4
 Kiss of Death            Conj/Necr      16%        2d6       99%         1
 Shock                    Conj/Air       16%        1d4       99%         1
 Searing Ray              Conj           18%        2d5       99%         2
 Fulminant Prism          Conj/Hex       12%        3d9       99%         4
 Beastly Appendage        Tmut           0%         N/A       100%        1
 Necrotise                Necr           0%         1d4       100%        1
 Sandblast                Erth           0%         2d4       100%        1
 Sting                    Tmut/Pois      0%         1d3       100%        1
 Call Imp                 Summ           0%         N/A       100%        2
 Cigotuvi's Dreadful Rot  Necr/Pois/Air  0%         N/A       100%        2
 Passwall                 Tmut/Erth      0%         N/A       100%        2
 Poisonous Vapours        Pois/Air       0%         N/A       100%        2
 Static Discharge         Conj/Air       8%         2-3/arc   100%        2
 Sublimation of Blood     Necr           0%         N/A       100%        2
 Wereblood                Tmut           0%         N/A       100%        2
 Frozen Ramparts          Ice            0%         1d1       100%        3
 Ignite Poison            Fire/Tmut/Pois 0%         N/A       100%        3
 Mephitic Cloud           Conj/Pois/Air  3%         N/A       100%        3
 Ozocubu's Armour         Ice            0%         N/A       100%        3
 Spider Form              Tmut/Pois      0%         N/A       100%        3
 Stone Arrow              Conj/Erth      8%         3d7       100%        3
 Swiftness                Air            0%         N/A       100%        3
 Vampiric Draining        Necr           0%         2d6       100%        3
 Airstrike                Air            0%         2d(0-16)  100%        4
 Anguish                  Hex/Necr       9%         N/A       100%        4
 Animate Armour           Summ/Erth      0%         N/A       100%        4
 Dispel Undead            Necr           0%         3d6       100%        4
 Flame Wave               Conj/Fire      4%         2d5       100%        4
 Ice Form                 Ice/Tmut       0%         N/A       100%        4
 Leda's Liquefaction      Hex/Erth       9%         N/A       100%        4
 Olgreb's Toxic Radiance  Pois           0%         N/A       100%        4
 Petrify                  Tmut/Erth      0%         N/A       100%        4
 Sticky Flame             Conj/Fire      4%         2d3       100%        4
 Summon Ice Beast         Ice/Summ       0%         N/A       100%        4
 Summon Lightning Spire   Summ/Air       0%         N/A       100%        4
 Agony                    Necr           0%         N/A       100%        5
 Alistair's Intoxication  Tmut/Pois      0%         N/A       100%        5
 Blade Hands              Tmut           0%         N/A       100%        5
 Irradiate                Conj/Tmut      2%         3d12      100%        5
 Lee's Rapid Deconstruct  Erth           0%         3d4*      100%        5
 Silence                  Hex/Air        9%         N/A       100%        5
 Summon Forest            Summ/Tloc      12%        N/A       100%        5
 Summon Mana Viper        Hex/Summ       19%        N/A       100%        5
 Yara's Violent Unravell  Hex/Tmut       9%         3d6       100%        5
 Conjure Ball Lightning   Conj/Air       2%         3x3d6     100%        6
 Death Channel            Necr           0%         N/A       100%        6
 Dispersal                Tloc           24%        N/A       100%        6
 Eringya's Noxious Bog    Tmut/Pois      0%         N/A       100%        6
 Iron Shot                Conj/Erth      2%         9d2       100%        6
 Plasma Beam              Fire/Air       0%         2x1d11    100%        6
 Simulacrum               Ice/Necr       0%         N/A       100%        6
 Starburst                Conj/Fire      2%         6d3       100%        6
 Statue Form              Tmut/Erth      0%         N/A       100%        6
 Dragon Form              Tmut           0%         N/A       100%        7
 Enfeeble                 Hex            19%        N/A       100%        7
 Monstrous Menagerie      Summ           0%         N/A       100%        7
 Orb of Destruction       Conj           4%         9d5       100%        7
 Ozocubu's Refrigeration  Ice            0%         4d7       100%        7
 Spellforged Servitor     Conj/Summ      2%         N/A       100%        7
 Storm Form               Tmut/Air       0%         N/A       100%        7
 Summon Hydra             Summ           0%         N/A       100%        7
 Borgnjor's Revivificati  Necr           0%         N/A       100%        8
 Discord                  Hex            19%        N/A       100%        8
 Disjunction              Tloc           24%        N/A       100%        8
 Ignition                 Fire           0%         3d3       100%        8
 Infestation              Necr           0%         N/A       100%        8
 Necromutation            Tmut/Necr      0%         N/A       100%        8
 Death's Door             Necr           0%         N/A       100%        9
 Dragon's Call            Summ           0%         N/A       100%        9
 Polar Vortex             Ice            0%         N/A       100%        9


Dungeon Overview and Level Annotations

Branches:
Dungeon (15/15)            Temple (0/1) D:6            Lair (5/5) D:10
  Swamp (4/4) Lair:3       Spider (4/4) Lair:2        Slime (0/5) Lair:5
    Orc (2/2) D:12            Elf (3/3) Orc:2        Vaults (5/5) D:13
  Crypt (3/3) Vaults:3       Tomb (1/3) Crypt:3      Depths (4/4) D:15
   Hell (visited)             Zot (5/5) Depths:4    Volcano (visited)
    Dis: Hell:1         Geh: Hell:1         Coc: Hell:1         Tar: Hell:1

Altars:
Cheibriados
Dithmenos
Fedhas
Gozag
Kikubaaqudgha
Makhleb
Nemelex Xobeh
Trog
Wu Jian
Xom
Yredelemnul

Shops:
D:14 *   Orc:1 :   Orc:2 !*[(   Elf:1 :   Elf:2 !:=:   Elf:3 =:=   Vaults:5 ?
Depths:1 !?!=[

Portals:
Hell: Lair:5 Depths:1 Depths:2 Depths:3 Depths:4
Abyss: Depths:2 Depths:3 Depths:4
Pandemonium: Depths:2 Depths:3
Ziggurat: Depths:1

Annotations:
D:4 2 transporters
Vaults:1 3 runed translucent doors, exclusion: obsidian statue, Vorhees's ghost, adept GnHu
Vaults:4 2 transporters, Gekot's ghost, veteran GrFi
Hell Geryon


Innate Abilities, Weirdness & Mutations

You are completely covered in icy blue scales. (AC +4, rC+)
Your demonic aura often causes spilled blood to erupt in flames.
When hurt, damage is shared between your health and your magic reserves.
You regenerate magic rapidly.
When low on magic, you restore magic in place of health.
Your presence sometimes corrodes or deforms those you injure.
You can speak a Word of Chaos.
Your touch may irresistibly damage your foes and sap their willpower.
You have large cloven feet.
You have supernaturally acute eyesight. (SInv)
You are dopey. (Int -2)
A frigid envelope surrounds you and freezes all who hurt you.


Message History

* * * LOW HITPOINT WARNING * * *
The dread lich is engulfed in blazing flames.
Your corrupting presence corrodes the dread lich!
The dread lich touches your butterfly!
Your butterfly dies!
Your butterfly disappears in a burst of colours!
The Orb Guardian hits you!!
* * * LOW HITPOINT WARNING * * *
Xom thinks this is hilarious!
The Orb Guardian is very cold.
The Orb Guardian is lightly wounded.
The Tzitzimitl is engulfed in blazing flames.
Unknown command.
Okay, then.
Okay, then.
Casting: Passage of Golubria (mildly dangerous; 41% risk of failure)
Confirm with . or Enter, or press ? or * to list all spells.
Okay, then.
Casting: Passage of Golubria (mildly dangerous; 41% risk of failure)
Confirm with . or Enter, or press ? or * to list all spells.
Okay, then.
Unknown command.
Casting: Passage of Golubria (mildly dangerous; 41% risk of failure)
Confirm with . or Enter, or press ? or * to list all spells.
You feel a surge of power!
You escape the tentacled monstrosity's grasp.
You blink.
The death cob hits you!
* * * LOW HITPOINT WARNING * * *
Xom roars with laughter!
The death cob resists.
The death cob is very cold.
The death cob is moderately damaged.
The Killer Klown blinks!
The Orb Guardian hits your butterfly!!
Your butterfly dies!
Your butterfly disappears in a burst of colours!
The Orb Guardian disappears!
The Orb Guardian reappears nearby!
The dread lich is engulfed in blazing flames.
The ancient lich casts a spell at you. The bolt of acid hits you!! You resist.
You die...
Xom snickers!

*,,,,,,^,,,,,,,,,,,***,,,********
**,,,,.,,,,,,,,,,,**,,,,**
**,,^..,,,,,,,,,,,,,,***
**^,...##▓▓▓▓▓▓▓▓****
**,,,...y.XX○....▓▓▓▓
**,,,,^.....○.XXX.1p☼▓##
*,,,,,.....§...(DX§§L.^##
,,,,,,..........z.°L*X.1# *▓▓▓▓▓▓
,,,,,,......[...@.LL*X.$▓*▓L.b..^
*,,,,,..^..L.....b.☼XDXb▓▓bb.d...
**,,,,..........bb.X2b..▓bbb.bD..
**,,,..........^....b..b.bb§.0..
**,,,,.........X...b.bb.▓bbbbb...
*,,,,^..................▓▓b^bb...
,,,,,,..............b...▓*▓..b...
,,^,,^,,,...............▓ *▓▓▓▓▓▓
*,,,,,,,,,,,,,,,,.....b▓*


You could see 2 orbs of fire, a Killer Klown, a Hell Sentinel (summoned), 3
tentacled monstrosities, a golden dragon (inner flame, confused, misshapen), an
ancient lich (fast, invisible), 4 dread liches, a storm dragon (unable to see
you, corroded), a Tzitzimitl (summoned), a death cob (unable to see you, ally
target), 9 Orb Guardians, a moth of wrath (unable to see you) and a tormentor
(summoned, inner flame, unable to see you, misshapen, corroded, ally target).

Vanquished Creatures
  A dread lich (Crypt:3)
  An ancient lich (Abyss:6)
  A juggernaut (Depths:1)
  Josephina (Crypt:2)
  A Killer Klown (Zot:5)
  A curse toe (Zot:5)
  13 golden dragons
  A profane servitor (Depths:4)
  3 bone dragons
  Jory (Vaults:2)
  2 electric golems
  8 tentacled monstrosities
  Rupert (Spider:1)
  A walking earthen tome (Depths:2)
  4 titans
  9 Orb Guardians (Zot:5)
  6 liches
  A deep elf blademaster (Elf:3)
  4 quicksilver dragons
  2 deep elf master archers (Elf:3)
  7 death cobs
  7 sphinxes
  4 thorn hunters
  An Executioner (Abyss:5)
  7 ancient champions (Crypt:3)
  7 shadow dragons
  13 tentacled starspawn
  Frances (D:14)
  13 storm dragons
  Donald (Spider:2)
  Kirke (Swamp:4)
  A revenant (Crypt:2)
  2 fenstrider witches
  2 draconian monks
  6 tengu reavers
  6 fire giants
  9 frost giants
  Aizul (Depths:1)
  2 iron dragons (Depths:2)
  7 emperor scorpions
  A balrug (Depths:2)
  21 vault wardens
  3 curse skulls
  4 draconian scorchers
  6 ghost moths
  2 draconian shifters
  Louise (Depths:4)
  3 deep elf sorcerers (Elf:3)
  A draconian stormcaller (Zot:2)
  4 spectral caustic shrikes (Depths:4)
  A cacodemon (Abyss:6)
  2 juggernaut zombies
  5 war gargoyles
  2 reapers
  2 broodmothers
  A ghoul (Crypt:2)
  6 draconian annihilators
  6 caustic shrike skeletons
  4 deep elf elementalists (Elf:3)
  A juggernaut skeleton (Crypt:3)
  8 stone giants
  6 ironbound thunderhulks
  6 very ugly things
  11 ironbound preservers
  9 vampire knights
  An eleionoma (Swamp:4)
  9 green draconians
  11 black draconians
  9 dire elephants
  9 yellow draconians
  8 bunyips
  6 deep elf annihilators
  6 deep elf demonologists
  A minotaur (Vaults:1)
  5 red draconians
  4 purple draconians
  Azrael (Spider:1)
  13 white draconians
  6 spark wasps
  3 crystal guardians
  A blizzard demon (Depths:2)
  Snorg (D:12)
  8 deep elf death magi (Elf:3)
  3 fire dragons
  5 eidola
  15 jiangshi
  2 pearl dragon zombies (Depths:4)
  18 ettins
  2 shambling mangroves (Swamp:4)
  9 great orbs of eyes
  3 green deaths
  2 merfolk javelineers (Abyss:5)
  10 deep elf high priests
  3 spriggan zombies
  An entropy weaver (shapeshifter) (Elf:3)
  6 entropy weavers
  6 ice dragons
  11 yaktaur captains
  A rakshasa (Depths:1)
  5 peacekeepers
  6 spriggan air magi
  A catoblepas (Lair:1)
  35 vault guards
  12 ironbound frosthearts
  6 jorogumos
  3 ogre magi (Vaults:5)
  25 hydras
  3 spriggan skeletons
  3 quicksilver dragon skeletons
  An alligator snapping turtle (Vaults:2)
  5 radroaches
  A fenstrider witch skeleton (Crypt:1)
  14 centaur warriors
  2 ghost crabs
  7 alligators
  A satyr (Abyss:5)
  A two-headed ogre (shapeshifter) (Vaults:4)
  26 dancing weapons
  10 hell hogs
  8 boulder beetles
  2 death knights
  16 death yaks
  9 two-headed ogres
  4 vampire magi
  2 death scarabs (Tomb:1)
  15 tengu warriors
  7 deep troll shamans
  8 deep troll earth magi
  10 thrashing horrors
  5 spriggan berserkers (Depths:2)
  3 orc high priests (Orc:2)
  4 soul eaters
  8 hell knights
  3 sun demons (Depths:2)
  A storm dragon zombie (Depths:3)
  5 titan skeletons
  2 shadow wraiths
  8 deep elf knights
  8 pharaoh ants
  3 skysharks
  33 skeletal warriors
  5 wretched stars
  7 iron trolls
  3 sixfirhies
  2 fire crabs (shapeshifter)
  2 bunyip zombies (Swamp:3)
  2 quicksilver dragon simulacra (Depths:2)
  9 orb spiders
  11 flayed ghosts
  6 goliath frogs
  5 spriggan druids
  11 deep elf archers
  3 golden dragon zombies
  6 glowing orange brains
  11 swamp dragons
  8 bog bodies
  An anaconda zombie (Crypt:3)
  52 deep trolls
  4 tengu zombies
  13 ironbound convokers
  5 lindwurms
  A spriggan simulacrum (Swamp:3)
  11 steelbarb worms
  4 bunyip skeletons
  A shadow dragon zombie (Depths:3)
  A harpy (shapeshifter) (D:8)
  36 deep elf pyromancers
  7 wizards
  6 orc knights
  24 deep elf zephyrmancers
  A harpy (Spider:2)
  8 necromancers
  A golden dragon skeleton (Crypt:3)
  A cyclops (shapeshifter) (Vaults:3)
  3 shadow dragon skeletons
  14 phantasmal warriors
  11 orc sorcerers
  A stone giant zombie (Crypt:1)
  2 cyclopes
  A wolf spider (shapeshifter) (Depths:1)
  3 salamanders
  A glowing shapeshifter (Vaults:5)
  22 wolf spiders
  A manticore (shapeshifter) (Depths:2)
  6 manticores
  A worldbinder (Abyss:5)
  35 ugly things
  4 apis skeletons (Depths:4)
  A fire giant skeleton (Depths:3)
  A guardian serpent (Abyss:5)
  3 iron dragon skeletons
  4 will-o-the-wisps
  A guardian serpent (shapeshifter) (Lair:3)
  2 sphinx skeletons
  3 stone giant skeletons
  2 apocalypse crabs (Abyss:5)
  3 smoke demons
  An ice statue (Depths:2)
  30 moths of wrath
  23 vault sentinels
  2 rust devils
  A titan simulacrum (Crypt:2)
  5 black mambas
  8 torpor snails
  An eye of devastation (shapeshifter) (Vaults:5)
  3 gargoyles
  Joseph (D:7)
  6 demonic crawlers
  18 cane toads
  A grey draconian zombie (Crypt:2)
  A hellion (Abyss:6)
  3 centaur skeletons
  2 unseen horrors
  2 orange demons (Lair:5)
  8 rime drakes
  A white draconian zombie (Crypt:2)
  A yaktaur (shapeshifter) (Volcano)
  45 yaktaurs
  5 ice devils
  3 elf skeletons (Vaults:3)
  A komodo dragon (shapeshifter) (D:13)
  3 kobold demonologists
  A catoblepas skeleton (Crypt:1)
  20 komodo dragons
  4 tengu conjurers
  9 freezing wraiths
  6 guardian mummies
  6 trolls
  A mana viper zombie (Crypt:3)
  5 ancient zymes (Abyss:5)
  3 meliai (Spider:1)
  2 red devils
  6 tyrant leeches
  A pale draconian skeleton (Crypt:3)
  5 polar bears
  2 harpy skeletons (Crypt:3)
  28 tarantellas
  A sphinx simulacrum (Vaults:2)
  14 blink frogs
  18 hornets
  A hornet (shapeshifter) (Swamp:1)
  A moth of wrath zombie (Crypt:3)
  Prince Ribbit (D:6)
  7 raiju
  A tarantella zombie (Crypt:1)
  A human simulacrum (Vaults:2)
  6 dream sheep
  18 large abominations
  A culicivora zombie (Crypt:1)
  41 jumping spiders
  2 ettin skeletons
  4 flying skulls (Depths:3)
  2 air elementals
  21 culicivoras
  A stone giant simulacrum (Crypt:2)
  31 slime creatures
  7 spriggans
  A shadow (D:11)
  5 water elementals
  2 culicivoras (shapeshifter)
  A vampire (D:11)
  4 wraiths
  5 ynoxinuls
  2 dire elephant simulacra
  39 yaks
  A yak (shapeshifter) (Zot:3)
  2 centaur simulacra
  2 fire bats (Volcano)
  Grum (D:8)
  An ushabti (Tomb:1)
  A hog (Lair:2)
  8 wyverns
  A wyvern (shapeshifter) (Vaults:5)
  18 humans
  2 neqoxecs
  4 steam dragons
  5 fire elementals
  75 redbacks
  7 basilisks
  A warg (Orc:1)
  12 vampire mosquitoes
  4 chaos spawn
  2 skyshark zombies (Crypt:2)
  17 swamp worms
  3 acid dragons
  6 hell hounds
  2 floating eyes
  27 orc warriors
  13 water moccasins
  2 naga skeletons (Crypt:3)
  14 black bears
  14 swamp drakes
  3 ettin simulacra (Depths:2)
  2 sky beasts
  2 ice beasts
  A black bear (shapeshifter) (Vaults:5)
  A hog zombie (Crypt:1)
  3 boggarts (Vaults:2)
  10 ogres
  2 human zombies
  5 small abominations
  11 wolves
  9 centaurs
  10 human skeletons
  2 phantoms
  2 swamp dragon skeletons
  2 kobold brigands
  12 bullfrogs
  A scorpion (shapeshifter) (D:13)
  10 scorpions
  A naga simulacrum (Tomb:1)
  An earth elemental (Elf:1)
  A water moccasin zombie (Crypt:2)
  20 wights
  A killer bee (shapeshifter) (D:10)
  13 killer bees
  A troll skeleton (Crypt:3)
  5 electric eels
  3 howler monkeys
  A bullfrog zombie (Crypt:3)
  3 quasits
  10 jellies
  14 orc priests
  8 starcursed masses
  Crazy Yiuf (D:6)
  3 gnoll boudas
  An iron imp (D:11)
  Jessica (D:3)
  3 sleepcaps
  A basilisk skeleton (Crypt:2)
  4 iguanas
  19 orc wizards
  7 hell rats (Lair:5)
  An acid dragon zombie (Crypt:1)
  A sky beast zombie (Crypt:3)
  An ogre skeleton (Crypt:3)
  15 mummies
  16 gnolls
  8 adders
  3 shadow imps
  3 white imps
  An ufetubus (D:5)
  2 worms
  2 dart slugs
  61 orcs
  2 bat zombies (D:7)
  9 endoplasms
  5 giant cockroaches
  10 goblins
  A hobgoblin (D:3)
  6 jackals
  5 quokkas
  12 ball pythons
  7 bats
  5 frilled lizards
  14 kobolds
  A kobold skeleton (Crypt:2)
  5 rats
  2 rat zombies (D:7)
  A river rat zombie (Crypt:3)
  9 briar patches
  A spectral weapon (Vaults:3)
2375 creatures vanquished.

Vanquished Creatures (collateral kills)
  A tentacled monstrosity (Depths:2)
  An Orb Guardian (Zot:5)
  A tengu reaver (Vaults:5)
  An emperor scorpion (Spider:4)
  An entropy weaver (Spider:4)
  A hell hog (Depths:2)
  A tengu warrior (Depths:2)
  A deep troll earth mage (Depths:1)
  4 hell knights
  A bog body (Swamp:3)
  A glowing orange brain (Depths:2)
  A necromancer (Swamp:3)
  A hellwing (D:9)
  A hornet (Swamp:1)
  A tarantella (Spider:4)
  A wyvern (Volcano)
  A fire elemental (Spider:1)
  A redback (Spider:1)
  A hell hound (Spider:1)
  2 orc warriors (D:9)
  A kobold brigand (D:9)
  A quasit (D:9)
  An orc priest (D:9)
  An orc wizard (D:9)
  2 kobolds (D:9)
30 creatures vanquished.

Vanquished Creatures (others)
  A golden dragon (Depths:2)
  A vampire knight (Depths:3)
  A deep elf annihilator (Vaults:5)
  A hydra (Swamp:4)
  2 death yaks (Lair:1)
  A tengu warrior (Depths:2)
  5 dancing weapons
  A deep elf knight (Elf:1)
  A thrashing horror (Abyss:6)
  A spriggan berserker (Depths:2)
  2 spriggan druids
  A bog body (Swamp:1)
  2 deep elf zephyrmancers (Elf:2)
  A deep elf pyromancer (Elf:2)
  2 large abominations (Abyss:5)
  A smoke demon (Abyss:6)
  An apocalypse crab (Abyss:5)
  4 bloated husks
  A hornet (Swamp:3)
  A raiju (Abyss:6)
  2 tyrant leeches
  An ettin zombie (Depths:4)
  A jumping spider (Spider:2)
  2 spriggans
  A wyvern (Volcano)
  A small abomination (Abyss:5)
  A swamp worm (Swamp:1)
  A jelly (Abyss:5)
  An orc wizard (Orc:2)
  An orc (D:11)
  6 briar patches
  12 bushes (Abyss:6)
  18 demonic plants
  8 foxfires
  63 fungi
  A lurking horror (Abyss:5)
  108 plants
  3 spectral weapons (Vaults:3)
  37 starspawn tentacles
  5 toadstools (Swamp:3)
304 creatures vanquished.

Grand Total: 2709 creatures vanquished

Notes
Turn   | Place    | Note
-------+----------+-------------------------------------------
     0 | D:1      | darkwiz the Demonspawn Chaos Knight began the quest for the
                  | Orb.
     0 | D:1      | Reached XP level 1. HP: 18/18 MP: 1/1
   143 | D:1      | Gained mutation: Your touch may inflict minor irresistible
                  | damage on your foes. [demonic ancestry]
   143 | D:1      | Reached XP level 2. HP: 19/24 MP: 2/2
   201 | D:1      | XOM: silly message
   420 | D:1      | XOM: 1-stop teleportation journey
   548 | D:1      | XOM: divination: detect items
   554 | D:1      | Reached XP level 3. HP: 24/29 MP: 3/3
  1322 | D:2      | XOM: silly message
  1616 | D:3      | Gained mutation: Your demonic aura sometimes causes spilled
                  | blood to erupt in flames. [demonic ancestry]
  1616 | D:3      | Reached XP level 4. HP: 35/35 MP: 4/4
  1624 | D:3      | XOM: polymorph gnoll -> goblin
  1625 | D:3      | XOM: potion effect (invisibility)
  1631 | D:3      | Reached skill level 1 in Conjurations
  1659 | D:3      | XOM: summons 4 friendly demons
  1664 | D:3      | Gained mutation: You are partially covered in icy blue
                  | scales. (AC +2) [demonic ancestry]
  1664 | D:3      | Reached XP level 5. HP: 39/41 MP: 5/5
  1745 | D:3      | Reached skill level 5 in Long Blades
  1768 | D:3      | Found a faded altar of an unknown god.
  1784 | D:3      | XOM: 9-stop teleportation journey
  1902 | D:3      | Noticed Jessica
  1908 | D:3      | Killed Jessica
  2191 | D:3      | XOM: divination: detect items
  2284 | D:4      | Found a transporter.
  2298 | D:4      | Found a transporter.
  2320 | D:4      | XOM: give mutation
  2320 | D:4      | Gained mutation: You passively map a small area around you.
                  | [Xom's grace]
  2343 | D:4      | Noticed an ice beast
  2356 | D:4      | Killed an ice beast
  2357 | D:4      | Gained mutation: You are mostly covered in icy blue scales.
                  | (AC +3) [demonic ancestry]
  2357 | D:4      | Reached XP level 6. HP: 47/47 MP: 6/6
  2802 | D:5      | Entered Level 5 of the Dungeon
  2904 | D:5      | Gained mutation: Your touch may inflict irresistible damage
                  | on your foes. [demonic ancestry]
  2904 | D:5      | Reached XP level 7. HP: 34/52 MP: 7/7
  2947 | D:5      | XOM: cloud trail
  3012 | D:5      | a killer bee changed into a steam dragon
  3012 | D:5      | Noticed a steam dragon
  3012 | D:5      | XOM: confuse monster(s)
  3014 | D:5      | XOM: summons 3 hostile demons
  3015 | D:5      | Killed a steam dragon
  3019 | D:5      | XOM: blink monster(s)
  3025 | D:5      | XOM: god gift: wand of paralysis (4)
  3128 | D:5      | XOM: god gift: robe {god gift}
  3212 | D:5      | XOM: summons friendly shadow imp
  3217 | D:5      | Reached skill level 1 in Evocations
  3223 | D:5      | XOM: enchant monster (good)
  3226 | D:5      | XOM: polymorph orc -> ball python
  3226 | D:5      | Noticed a yak
  3234 | D:5      | XOM: divination: detect creatures
  3244 | D:5      | Gained mutation: Your demonic aura often causes spilled
                  | blood to erupt in flames. [demonic ancestry]
  3244 | D:5      | Reached XP level 8. HP: 58/58 MP: 8/8
  3250 | D:5      | XOM: potion effect (might)
  3256 | D:5      | Reached skill level 5 in Evocations
  3683 | D:5      | Reached XP level 9. HP: 60/63 MP: 9/9
  3700 | D:5      | XOM: swap monsters
  4007 | D:6      | XOM: enchant monster (bad)
  4211 | D:6      | Noticed Prince Ribbit
  4215 | D:6      | Reached skill level 4 in Fighting
  4219 | D:6      | XOM: fake destruction
  4225 | D:6      | Killed Prince Ribbit
  4226 | D:6      | Identified the +1 cloak of the Wild Haggis {*Slow +Blink
                  | rN+ Dex+2}
  4238 | D:6      | Identified the +0 chain mail "Ymaded" {Slay+2}
  4264 | D:6      | Reached skill level 5 in Fighting
  4359 | D:6      | XOM: give mutation
  4359 | D:6      | Gained mutation: You expend magic power (3 MP) to
                  | strengthen your wands. [Xom's grace]
  4511 | D:6      | Found a runed translucent door.
  4512 | D:6      | Noticed Crazy Yiuf
  4535 | D:6      | Found a bloodstained altar of Trog.
  4600 | D:6      | Found a staircase to the Ecumenical Temple.
  4672 | D:6      | Killed Crazy Yiuf
  4844 | D:7      | Noticed Joseph
  4866 | D:7      | Killed Joseph
  4867 | D:7      | Reached skill level 6 in Fighting
  4871 | D:7      | XOM: divination: magic mapping
  4879 | D:7      | Reached skill level 7 in Fighting
  5104 | D:7      | XOM: god gift: 26 gold pieces
  5235 | D:7      | Found an ancient bone altar of Kikubaaqudgha.
  5269 | D:8      | Reached XP level 10. HP: 79/80 MP: 10/10
  5297 | D:8      | XOM: 2-stop teleportation journey
  5307 | D:8      | XOM: god gift: scroll labelled JUGIGO WELE {god gift}
  5334 | D:8      | Noticed Grum
  5339 | D:8      | XOM: fog
  5343 | D:8      | XOM: summons 7 friendly demons
  5356 | D:8      | Reached skill level 8 in Fighting
  5378 | D:8      | XOM: smoke on damage
  5379 | D:8      | a shapeshifter changed into a harpy
  5379 | D:8      | Noticed a harpy (shapeshifter)
  5386 | D:8      | Killed a harpy
  5392 | D:8      | Reached skill level 9 in Fighting
  5403 | D:8      | XOM: confuse monster(s)
  5415 | D:8      | Reached skill level 10 in Fighting
  5491 | D:8      | XOM: cloud trail
  5570 | D:8      | Reached skill level 1 in Dodging
  5576 | D:8      | XOM: smoke on damage
  5584 | D:8      | Killed Grum
  5673 | D:8      | XOM: cloud trail
  5875 | D:8      | Found a sparkling altar of Nemelex Xobeh.
  5917 | D:8      | XOM: 7-stop teleportation journey
  6259 | D:9      | Noticed a sixfirhy
  6261 | D:9      | Noticed a soul eater
  6274 | D:9      | XOM: scenery: summon butterflies
  6275 | D:9      | a sixfirhy changed into an orange demon
  6275 | D:9      | Noticed an orange demon
  6385 | D:9      | Reached skill level 1 in Stealth
  6409 | D:9      | XOM: scenery: summon butterflies
  6454 | D:9      | Reached XP level 11. HP: 52/90 MP: 11/11
  6459 | D:9      | Noticed a soul eater
  6468 | D:9      | XOM: summons 11 friendly demons
  6474 | D:9      | Reached skill level 5 in Stealth
  6478 | D:9      | XOM: give mutations
  6478 | D:9      | Gained mutation: You have sharp toenails. [Xom's grace]
  6478 | D:9      | Gained mutation: Your spells are a little harder to cast,
                  | but a little more powerful. [Xom's grace]
  6581 | D:9      | XOM: confuse monster(s)
  6585 | D:9      | XOM: summons friendly smoke demon
  6643 | D:9      | XOM: god gift: +0 pair of boots of flying
  6759 | D:9      | XOM: silly message
  6800 | D:9      | XOM: potion effect (haste)
  6811 | D:9      | XOM: potion effect (haste)
  6881 | D:9      | Killed a soul eater
  7039 | D:9      | You are sucked into a shaft and drop 3 floors!
  7061 | D:12     | Noticed Snorg
  7083 | D:12     | Found a staircase to the Orcish Mines.
  7088 | D:12     | XOM: silly message
  7105 | D:12     | XOM: divination: detect items
  7157 | D:12     | Noticed a tengu warrior
  7166 | D:12     | Noticed a tengu warrior
  7173 | D:12     | Killed a tengu warrior
  7178 | D:12     | Killed a tengu warrior
  7220 | D:11     | Noticed a five-headed hydra
  7270 | D:11     | XOM: divination: magic mapping
  7286 | D:10     | Entered Level 10 of the Dungeon
  7618 | D:9      | XOM: give mutations
  7618 | D:9      | Gained mutation: You are somewhat resistant to further
                  | mutation. [Xom's mischief]
  7618 | D:9      | Lost mutation: You are somewhat resistant to further
                  | mutation. [Xom's mischief]
  7747 | D:10     | XOM: 1-stop teleportation journey
  7782 | D:10     | XOM: smoke on damage
  7811 | D:10     | Found a staircase to the Lair.
  7822 | D:10     | XOM: torment (45/90 hp)
  7888 | D:10     | XOM: potion effect (brilliance)
  7943 | D:10     | XOM: god gift: wand of roots (7)
  7981 | D:10     | Reached skill level 5 in Dodging
  7999 | D:10     | XOM: chaos upgrade
  8016 | D:10     | XOM: give mutations
  8016 | D:10     | Gained mutation: You are agile. (Dex +4, Str/Int -1) [Xom's
                  | mischief]
  8016 | D:10     | Gained mutation: You are frail. (-10% HP) [Xom's mischief]
  8079 | D:10     | Identified the ring "Zyuk" {rF++ rC+ Str-2}
  8130 | D:10     | XOM: polymorph yak -> tarantella
  8136 | D:10     | XOM: confuse monster(s)
  8277 | D:10     | Noticed a two-headed ogre
  8308 | D:10     | Killed a two-headed ogre
  8380 | D:10     | Noticed a two-headed ogre
  8389 | D:10     | Killed a two-headed ogre
  8390 | D:10     | Gained mutation: Your touch may irresistibly damage your
                  | foes and sap their willpower. [demonic ancestry]
  8390 | D:10     | Reached XP level 12. HP: 84/87 MP: 12/12
  8446 | D:10     | XOM: silly message
  8447 | D:10     | XOM: chaos cloud
  8476 | D:11     | Noticed a two-headed ogre
  8479 | D:11     | Killed a two-headed ogre
  8659 | D:10     | Lost mutation: You have sharp toenails. [potion of
                  | mutation]
  8659 | D:10     | Lost mutation: You are agile. (Dex +4, Str/Int -1) [potion
                  | of mutation]
  8659 | D:10     | Gained mutation: You are resistant to electric shocks.
                  | (rElec) [potion of mutation]
  8659 | D:10     | Gained mutation: You possess an exceptional clarity of
                  | mind. [potion of mutation]
  8931 | D:11     | XOM: blink monster(s)
  8936 | D:11     | XOM: summons 1 hostile demon
  8937 | D:11     | XOM: polymorph crimson imp -> quasit
  8978 | D:11     | XOM: 1-stop teleportation journey
  9000 | D:11     | XOM: god gift: potion of mutation
  9368 | D:11     | XOM: confuse monster(s)
  9384 | D:11     | XOM: summons friendly white imp
  9504 | D:11     | Noticed a two-headed ogre
  9522 | D:11     | Killed a two-headed ogre
  9597 | D:11     | Killed a five-headed hydra
  9724 | D:11     | Found the -2 hat of the Alchemist {rElec rPois rF+ rC+ rN+
                  | Will+ rMut rCorr}
  9728 | D:11     | Reached skill level 10 in Long Blades
  9728 | D:11     | Identified the +0 hat "Fascha" {Fly}
  9819 | D:12     | XOM: 2-stop teleportation journey
  9910 | Lair:1   | Entered Level 1 of the Lair of Beasts
  9943 | Lair:1   | XOM: fog
  9955 | Lair:1   | XOM: cloud trail
 10133 | Lair:1   | XOM: give mutation
 10133 | Lair:1   | Gained mutation: Your spells are harder to cast, but more
                  | powerful. [Xom's grace]
 10211 | Lair:1   | Noticed a boulder beetle
 10229 | Lair:1   | Killed a boulder beetle
 10279 | Lair:1   | Noticed a death yak
 10281 | Lair:1   | Noticed a death yak
 10281 | Lair:1   | Noticed a death yak
 10284 | Lair:1   | XOM: scenery: summon butterflies
 10288 | Lair:1   | Noticed a death yak
 10292 | Lair:1   | Noticed a death yak
 10314 | Lair:1   | XOM: destruction
 10315 | Lair:1   | XOM: cleaving
 10324 | Lair:1   | a death yak changed into an emperor scorpion
 10324 | Lair:1   | Noticed an emperor scorpion
 10324 | Lair:1   | XOM: polymorph death yak -> emperor scorpion
 10429 | Lair:2   | XOM: 8-stop teleportation journey
 10562 | Lair:2   | XOM: scenery: summon butterflies
 10706 | Lair:2   | Noticed a five-headed hydra
 10709 | Lair:2   | XOM: scenery: 1 doors open
 10719 | Lair:2   | Killed a five-headed hydra
 10769 | Lair:2   | XOM: 4-stop teleportation journey
 10899 | Lair:2   | XOM: cleaving
 10990 | Lair:2   | XOM: polymorph yak -> rime drake
 11026 | Lair:2   | Reached XP level 13. HP: 48/92 MP: 13/13
 11033 | Lair:2   | XOM: polymorph yak -> hog
 11046 | Lair:2   | XOM: enchant monster (good)
 11060 | Lair:2   | XOM: give mutation
 11060 | Lair:2   | Lost mutation: Your spells are harder to cast, but more
                  | powerful. [Xom's mischief]
 11208 | Lair:2   | Found a hole to the Spider Nest.
 11216 | Lair:2   | XOM: potion effect (heal wounds)
 11520 | Lair:3   | XOM: divination: magic mapping
 11607 | Lair:3   | Found a staircase to the Swamp.
 11616 | Lair:3   | XOM: confuse monster(s)
 11726 | Lair:3   | XOM: potion effect (curing)
 11800 | Lair:3   | XOM: 1-stop teleportation journey
 12057 | Lair:3   | XOM: divination: detect creatures
 12274 | Lair:3   | XOM: confuse monster(s)
 12280 | Lair:3   | XOM: cast spell 'Death Channel'
 12294 | Lair:3   | Found a snail-covered altar of Cheibriados.
 12569 | Lair:3   | XOM: noise
 12765 | Lair:3   | XOM: cloud trail
 12955 | Lair:4   | XOM: silly message
 13122 | Lair:4   | XOM: divination: detect creatures
 13127 | Lair:4   | XOM: potion effect (invisibility)
 13147 | Lair:4   | XOM: potion effect (might)
 13148 | Lair:4   | XOM: potion effect (berserk rage)
 13160 | Lair:4   | XOM: potion effect (invisibility)
 13168 | Lair:4   | XOM: 5-stop teleportation journey
 13369 | Lair:4   | Found a dark tunnel.
 13377 | Volcano  | Entered a volcano
 13417 | Volcano  | Noticed a fire dragon
 13417 | Volcano  | XOM: 4-stop teleportation journey
 13440 | Volcano  | XOM: confuse monster(s)
 13501 | Volcano  | XOM: polymorph komodo dragon -> salamander
 13505 | Volcano  | XOM: polymorph salamander -> shapeshifter
 13533 | Volcano  | Reached skill level 10 in Dodging
 13759 | Volcano  | XOM: 1-stop teleportation journey
 13791 | Volcano  | XOM: enchant monster (good)
 13802 | Volcano  | Banished a fire dragon
 13999 | Lair:4   | XOM: divination: magic mapping
 14047 | Lair:4   | XOM: divination: magic mapping
 14054 | Lair:4   | XOM: potion effect (attraction)
 14055 | Lair:4   | XOM: enchant monster (good)
 14067 | Lair:4   | Reached XP level 14. HP: 99/99 MP: 14/14
 14140 | Lair:4   | XOM: scenery: create altars
 14405 | Lair:5   | Entered Level 5 of the Lair of Beasts
 14484 | Lair:5   | XOM: noise
 14538 | Lair:5   | Reached skill level 10 in Stealth
 14608 | Lair:5   | Found a burning altar of Makhleb.
 14762 | Lair:5   | XOM: potion effect (invisibility)
 14778 | Lair:5   | XOM: silly message
 14825 | Lair:5   | XOM: summons friendly ufetubus
 15037 | Lair:5   | XOM: god gift: pair of boots {god gift}
 15091 | Lair:5   | XOM: give mutations
 15091 | Lair:5   | Gained mutation: Your spells are harder to cast, but more
                  | powerful. [Xom's grace]
 15091 | Lair:5   | Gained mutation: Your flesh is cold resistant. (rC+) [Xom's
                  | grace]
 15128 | Lair:5   | Found a staircase to the Slime Pits.
 15356 | Lair:5   | XOM: divination: magic mapping
 15426 | Lair:5   | XOM: divination: detect items
 15488 | Lair:5   | XOM: god gift: wand of paralysis (7)
 15576 | Lair:5   | Found a gateway to Hell.
 15795 | Lair:1   | Reached skill level 11 in Fighting
 15906 | Lair:1   | XOM: polymorph cane toad -> yak
 16186 | Lair:1   | XOM: divine lightning
 16432 | D:12     | XOM: cleaving
 16456 | D:12     | Reached skill level 12 in Fighting
 16521 | D:12     | XOM: 5-stop teleportation journey
 16538 | D:12     | Killed Snorg
 17063 | D:13     | Gained mutation: You regenerate magic rapidly. [demonic
                  | ancestry]
 17063 | D:13     | Reached XP level 15. HP: 105/109 MP: 15/15
 17110 | D:13     | XOM: enchant monster (bad)
 17144 | D:13     | Reached skill level 13 in Fighting
 17166 | D:13     | XOM: summons friendly crimson imp
 17180 | D:13     | XOM: cleaving
 17209 | D:13     | XOM: cloud trail
 17224 | D:13     | XOM: 3-stop teleportation journey
 17301 | D:13     | XOM: 1-stop teleportation journey
 17302 | D:13     | XOM: summons friendly white imp
 17328 | D:13     | XOM: 2-stop teleportation journey
 17370 | D:13     | Identified the +7 flail "Demonbane" {speed, rElec Will+
                  | Str+3 Stlth+}
 17372 | D:13     | XOM: divination: magic mapping
 17377 | D:13     | XOM: noise
 17395 | D:13     | XOM: divination: detect items
 17498 | D:13     | XOM: silly message
 17502 | D:13     | XOM: cloud trail
 17592 | D:13     | Reached skill level 14 in Fighting
 17744 | D:13     | XOM: divination: detect creatures
 17783 | D:13     | XOM: potion effect (brilliance)
 17817 | D:13     | XOM: summons 8 hostile demons
 17832 | D:13     | XOM: blink monster(s)
 17851 | D:13     | Paralysed by you for 5 turns
 17864 | D:13     | Found a gate to the Vaults.
 17877 | D:13     | XOM: destruction
 17886 | D:13     | XOM: swap monsters
 18003 | Orc:1    | Entered Level 1 of the Orcish Mines
 18064 | Orc:1    | XOM: chaos upgrade
 18253 | Orc:2    | Entered Level 2 of the Orcish Mines
 18253 | Orc:2    | Found a staircase to the Elven Halls.
 18311 | Orc:2    | Reached skill level 15 in Fighting
 18360 | Orc:2    | XOM: 1-stop teleportation journey
 18428 | Orc:2    | XOM: give mutation
 18428 | Orc:2    | Lost mutation: You passively map a small area around you.
                  | [Xom's mischief]
 18601 | Orc:2    | XOM: give mutation
 18601 | Orc:2    | Gained mutation: You occasionally lose the ability to drink
                  | potions when taking damage. [Xom's mischief]
 18754 | Orc:2    | Paralysed by an orc sorcerer for 4 turns
 18759 | Orc:2    | XOM: silly message
 18970 | Orc:2    | XOM: potion effect (invisibility)
 18987 | Orc:2    | XOM: silly message
 18990 | Orc:2    | Found Ogowaral's Distillery.
 18990 | Orc:2    | Found Tulyil's Assorted Antiques.
 18995 | Orc:2    | Found Totzexzo's Armour Boutique.
 18995 | Orc:2    | Found Qial's Weapon Emporium.
 19062 | Orc:2    | Bought a potion of might for 128 gold pieces
 19062 | Orc:2    | Bought 2 potions of cancellation for 512 gold pieces
 19062 | Orc:2    | Bought a blackened lead wand for 128 gold pieces
 19062 | Orc:2    | Bought a scroll of immolation for 128 gold pieces
 19124 | Orc:2    | XOM: silly message
 19247 | Orc:1    | Found Xiqasmimm's Book Shop.
 19305 | Orc:1    | XOM: divination: magic mapping
 19631 | D:2      | XOM: silly message
 19649 | D:3      | XOM: give mutation
 19649 | D:3      | Gained mutation: A frigid envelope surrounds you and
                  | freezes all who hurt you. [Xom's grace]
 19789 | Lair:1   | XOM: scenery: 1 doors open
 19865 | Swamp:1  | Entered Level 1 of the Swamp
 19886 | Swamp:1  | Reached skill level 16 in Fighting
 19964 | Swamp:1  | XOM: god gift: 28 gold pieces
 19974 | Swamp:1  | XOM: smoke on damage
 19976 | Swamp:1  | XOM: summons 10 friendly demons
 20020 | Swamp:1  | XOM: polymorph alligator -> spark wasp
 20089 | Swamp:1  | XOM: polymorph alligator -> shapeshifter
 20123 | Swamp:1  | XOM: scenery: create altars
 20168 | Swamp:1  | XOM: confuse monster(s)
 20368 | Swamp:1  | Gained mutation: When hurt, damage is shared between your
                  | health and your magic reserves. [demonic ancestry]
 20368 | Swamp:1  | Reached XP level 16. HP: 116/126 MP: 16/16
 20500 | Swamp:2  | Reached skill level 17 in Fighting
 20601 | Swamp:2  | XOM: god gift: scroll of teleportation
 20617 | Swamp:2  | XOM: fog
 20710 | Swamp:2  | You are sucked into a shaft and drop 1 floor!
 20740 | Swamp:3  | XOM: divine lightning
 20850 | Swamp:3  | Noticed a thorn hunter
 20855 | Swamp:3  | XOM: fog
 20860 | Swamp:3  | Killed a thorn hunter
 20873 | Swamp:3  | XOM: 3-stop teleportation journey
 20883 | Swamp:2  | Noticed a thorn hunter
 20917 | Swamp:2  | Killed a thorn hunter
 21014 | Swamp:2  | Reached skill level 18 in Fighting
 21069 | Swamp:2  | XOM: swap monsters
 21073 | Swamp:2  | XOM: 3-stop teleportation journey
 21205 | Swamp:2  | XOM: potion effect (attraction)
 21282 | Swamp:2  | Identified a scroll of acquirement
 21282 | Swamp:2  | Acquired the +0 cloak of the Evil One {rN+++ Will++ MP+9
                  | Int-2}
 21388 | Swamp:3  | XOM: summons 9 hostile demons
 21400 | Swamp:3  | XOM: divine lightning
 21422 | Swamp:3  | XOM: divination: detect creatures
 21436 | Swamp:3  | XOM: summons 2 friendly demons
 21446 | Swamp:3  | XOM: swap monsters
 21449 | Swamp:3  | XOM: noise
 21453 | Swamp:3  | XOM: summons 4 hostile shadow creatures
 21458 | Swamp:3  | XOM: polymorph alligator -> five-headed hydra
 21666 | Swamp:3  | Found an ancient bone altar of Kikubaaqudgha.
 21674 | Swamp:3  | Got Vaurir's Compilation of Unholy Words
 21820 | Swamp:3  | XOM: divination: detect creatures
 21958 | Swamp:4  | Entered Level 4 of the Swamp
 21967 | Swamp:4  | XOM: destruction
 21969 | Swamp:4  | XOM: scenery: create altars
 22288 | Spider:1 | Entered Level 1 of the Spider Nest
 22288 | Spider:1 | XOM: god gift: 5 stones
 22367 | Spider:1 | XOM: god gift: scale mail {god gift}
 22369 | Spider:1 | XOM: summons 3 friendly demons
 22373 | Spider:1 | Reached skill level 19 in Fighting
 22375 | Spider:1 | XOM: cleaving
 22406 | Spider:1 | Noticed Azrael
 22412 | Spider:1 | Noticed Rupert
 22459 | Spider:1 | XOM: blink monster(s)
 22484 | Spider:1 | XOM: swap monsters
 22518 | Spider:1 | XOM: torment (91/131 hp)
 22523 | Spider:1 | Killed Azrael
 22558 | Spider:1 | XOM: repel stairs
 22566 | Spider:1 | XOM: silly message
 22569 | Spider:1 | XOM: stat loss: -1 Int (12/13)
 22581 | Spider:1 | Killed Rupert
 22604 | Spider:1 | XOM: give mutation
 22604 | Spider:1 | Gained mutation: Your body sometimes deteriorates upon
                  | taking damage. [Xom's mischief]
 22618 | Spider:1 | XOM: stat loss: -1 Int (11/13)
 22678 | Spider:1 | XOM: noise
 22697 | Spider:1 | XOM: give mutation
 22697 | Spider:1 | Lost mutation: You expend magic power (3 MP) to strengthen
                  | your wands. [Xom's mischief]
 22805 | Spider:1 | XOM: 7-stop teleportation journey
 22829 | Spider:1 | XOM: noise
 22912 | Spider:1 | XOM: god gift: +1 triple sword of holy wrath
 22945 | Spider:1 | XOM: scenery: create altars
 22985 | Spider:1 | Reached skill level 20 in Fighting
 23216 | Spider:1 | XOM: god gift: Teelohur's Encyclopedia of Altered
                  | Transportation {god gift}
 23217 | Spider:1 | Got Teelohur's Encyclopedia of Altered Transportation {god
                  | gift}
 23352 | Spider:2 | Noticed Donald
 23451 | Spider:2 | Killed Donald
 23534 | Spider:2 | Reached XP level 17. HP: 139/139 MP: 17/17
 23540 | Spider:2 | XOM: confuse monster(s)
 23780 | Spider:2 | XOM: polymorph jumping spider -> harpy
 23782 | Spider:2 | XOM: confuse monster(s)
 23833 | Spider:2 | XOM: potion effect (might)
 23843 | Spider:2 | XOM: potion effect (brilliance)
 23949 | Spider:2 | Lost mutation: Your flesh is cold resistant. (rC+) [potion
                  | of mutation]
 23949 | Spider:2 | Lost mutation: You occasionally lose the ability to drink
                  | potions when taking damage. [potion of mutation]
 23949 | Spider:2 | Lost mutation: You possess an exceptional clarity of mind.
                  | [potion of mutation]
 23949 | Spider:2 | Lost mutation: Your body sometimes deteriorates upon taking
                  | damage. [potion of mutation]
 23949 | Spider:2 | Gained mutation: You expend magic power (3 MP) to
                  | strengthen your wands. [potion of mutation]
 24020 | Spider:2 | XOM: silly message
 24503 | Spider:2 | XOM: divination: magic mapping
 24590 | Spider:2 | XOM: potion effect (brilliance)
 24786 | Spider:2 | XOM: noise
 24873 | Spider:3 | XOM: divination: detect items
 24926 | Spider:3 | XOM: silly message
 24993 | Spider:3 | XOM: potion effect (might)
 25182 | Spider:3 | XOM: silly message
 25303 | Spider:3 | XOM: potion effect (might)
 25464 | Spider:3 | XOM: silly message
 25556 | Spider:4 | Entered Level 4 of the Spider Nest
 25642 | Spider:4 | XOM: give mutations
 25642 | Spider:4 | Gained mutation: You are very frail. (-20% HP) [Xom's
                  | mischief]
 25642 | Spider:4 | Lost mutation: You expend magic power (3 MP) to strengthen
                  | your wands. [Xom's mischief]
 25642 | Spider:4 | Gained mutation: Your flesh is cold resistant. (rC+) [Xom's
                  | mischief]
 25642 | Spider:4 | Gained mutation: Your spells are much harder to cast, but
                  | much more powerful. [Xom's mischief]
 25706 | Spider:4 | Identified the +1 ring mail of the Charred God {Int+4}
 25801 | Spider:4 | XOM: give mutations
 25801 | Spider:4 | Gained mutation: Armour fits poorly on your strangely
                  | shaped body. [Xom's mischief]
 25801 | Spider:4 | Lost mutation: You are very frail. (-20% HP) [Xom's
                  | mischief]
 25801 | Spider:4 | Lost mutation: Your flesh is cold resistant. (rC+) [Xom's
                  | mischief]
 25854 | Spider:4 | XOM: polymorph jumping spider -> dream sheep
 25863 | Spider:4 | XOM: scenery: create altars
 25907 | Spider:4 | XOM: give mutation
 25907 | Spider:4 | Gained mutation: You expend magic power (3 MP) to
                  | strengthen your wands. [Xom's grace]
 25909 | Spider:4 | XOM: repel stairs
 25927 | Spider:4 | XOM: scenery: summon butterflies
 26119 | Spider:4 | Acquired the +3 pair of boots of Supple Strength {rN+ rCorr
                  | Str-4 Dex+5}
 26460 | Spider:4 | XOM: scenery: create altars
 26461 | Spider:4 | XOM: give mutation
 26461 | Spider:4 | Gained mutation: You are somewhat resistant to further
                  | mutation. [Xom's grace]
 26462 | Spider:4 | XOM: give mutations
 26462 | Spider:4 | Gained mutation: You have a pair of small horns on your
                  | head. [Xom's grace]
 26462 | Spider:4 | Gained mutation: You are agile. (Dex +4, Str/Int -1) [Xom's
                  | grace]
 26462 | Spider:4 | Gained mutation: Your system is resistant to poisons.
                  | (rPois) [Xom's grace]
 26462 | Spider:4 | Gained mutation: Your mind is acute. (Int +4, Str/Dex -1)
                  | [Xom's grace]
 26467 | Spider:4 | XOM: scenery: create altars
 26482 | Spider:4 | XOM: enchant monster (bad)
 26489 | Spider:4 | XOM: summons friendly quasit
 26520 | Spider:4 | XOM: cast spell 'Summon Horrible Things'
 26524 | Spider:4 | Reached XP level 18. HP: 36/145 MP: 4/18
 26793 | Spider:4 | XOM: enchant monster (bad)
 26817 | Spider:4 | Reached skill level 15 in Stealth
 26846 | Spider:4 | Got a gossamer rune of Zot
 27388 | Swamp:4  | Noticed Kirke
 27391 | Swamp:4  | XOM: god gift: 4 stones
 27394 | Swamp:4  | XOM: enchant monster (good)
 27397 | Swamp:4  | Killed Kirke
 27694 | Swamp:4  | XOM: 1-stop teleportation journey
 27695 | Swamp:4  | XOM: swap monsters
 27698 | Swamp:4  | Reached skill level 10 in Evocations
 27799 | Swamp:4  | XOM: blink monster(s)
 27851 | Swamp:4  | XOM: noise
 27894 | Swamp:4  | XOM: confuse monster(s)
 27922 | Swamp:4  | XOM: cloud trail
 28045 | Swamp:4  | Got a decaying rune of Zot
 28606 | Vaults:1 | Entered Level 1 of the Vaults
 28634 | Vaults:1 | XOM: give mutation
 28634 | Vaults:1 | Gained mutation: Your mind is very acute. (Int +8, Str/Dex
                  | -2) [Xom's grace]
 28654 | Vaults:1 | XOM: cleaving
 28703 | Vaults:1 | XOM: god gift: 761 gold pieces
 28708 | Vaults:1 | XOM: polymorph yaktaur captain -> death yak
 28722 | Vaults:1 | Reached skill level 1 in Translocations
 28916 | Vaults:1 | XOM: polymorph dire elephant -> minotaur
 28922 | Vaults:1 | XOM: smoke on damage
 28949 | Vaults:1 | Found a runed translucent gate.
 28949 | Vaults:1 | Found a runed translucent gate.
 28949 | Vaults:1 | Found an opulent altar of Gozag.
 28950 | Vaults:1 | Found a runed translucent gate.
 28950 | Vaults:1 | XOM: noise
 28951 | Vaults:1 | Noticed Vorhees's ghost (adept GnHu)
 29068 | Vaults:1 | XOM: polymorph vault warden -> fenstrider witch
 29152 | Vaults:1 | Learned a level 2 spell: Blink
 29186 | Vaults:1 | XOM: cleaving
 29198 | Vaults:1 | Reached skill level 5 in Translocations
 29368 | Vaults:1 | XOM: give mutation
 29368 | Vaults:1 | Gained mutation: You possess an exceptional clarity of
                  | mind. [Xom's grace]
 29617 | Vaults:1 | XOM: potion effect (brilliance)
 29644 | Vaults:1 | XOM: enchant monster (bad)
 29733 | Vaults:1 | XOM: god gift: 64 gold pieces
 29777 | Vaults:1 | XOM: god gift: potion of degeneration
 29844 | Vaults:1 | XOM: scenery: 1 doors close
 29849 | Vaults:1 | Gained mutation: Your presence sometimes corrodes those you
                  | injure. [demonic ancestry]
 29849 | Vaults:1 | Reached XP level 19. HP: 144/152 MP: 19/19
 29855 | Vaults:1 | XOM: cleaving
 29998 | Vaults:1 | XOM: give mutations
 29998 | Vaults:1 | Lost mutation: Your spells are much harder to cast, but
                  | much more powerful. [Xom's mischief]
 29998 | Vaults:1 | Lost mutation: Armour fits poorly on your strangely shaped
                  | body. [Xom's mischief]
 29998 | Vaults:1 | Lost mutation: A frigid envelope surrounds you and freezes
                  | all who hurt you. [Xom's mischief]
 30003 | Vaults:1 | Learned a level 3 spell: Teleport Other
 30164 | Vaults:2 | XOM: noise
 30202 | Vaults:2 | Noticed Jory
 30222 | Vaults:2 | XOM: potion effect (might)
 30235 | Vaults:2 | XOM: polymorph dire elephant -> alligator snapping turtle
 30236 | Vaults:2 | XOM: enchant monster (bad)
 30238 | Vaults:2 | XOM: silly message
 30252 | Vaults:2 | XOM: potion effect (heal wounds)
 30396 | Vaults:2 | Learned a level 4 spell: Passage of Golubria
 30496 | Vaults:2 | XOM: noise
 30597 | Vaults:2 | XOM: divination: magic mapping
 30748 | Vaults:2 | XOM: enchant monster (bad)
 30753 | Vaults:2 | XOM: confuse monster(s)
 30759 | Vaults:2 | Killed Jory
 30760 | Vaults:2 | XOM: noise
 30763 | Vaults:2 | XOM: confuse monster(s)
 30777 | Vaults:2 | Reached skill level 10 in Translocations
 30793 | Vaults:2 | XOM: noise
 31134 | Vaults:2 | XOM: silly message
 31145 | Vaults:2 | XOM: enchant monster (bad)
 31146 | Vaults:2 | XOM: fake destruction
 31151 | Vaults:2 | XOM: 1-stop teleportation journey
 31154 | Vaults:2 | XOM: divination: detect creatures
 31167 | Vaults:2 | XOM: summons friendly quasit
 31169 | Vaults:2 | Reached skill level 1 in Hexes
 31170 | Vaults:2 | XOM: divination: detect creatures
 31271 | Vaults:2 | Identified the +11 great sword of Doxkin {spect, rF- Str+2
                  | Stlth+}
 31305 | Vaults:2 | XOM: summons 2 friendly demons
 31313 | Vaults:2 | XOM: enchant monster (good)
 31346 | Vaults:2 | XOM: fake destruction
 31569 | Abyss:4  | Cast into level 4 of the Abyss (Xom)
 31622 | Abyss:4  | XOM: potion effect (curing)
 31659 | Abyss:5  | Found a corrupted altar of Lugonu.
 31675 | Abyss:5  | Found a corrupted altar of Lugonu.
 31770 | Abyss:5  | XOM: confuse monster(s)
 31813 | Abyss:5  | XOM: summons friendly iron imp
 31823 | Abyss:5  | Noticed a bone dragon
 31835 | Abyss:5  | Killed a bone dragon
 31871 | Abyss:5  | XOM: polymorph large abomination -> large abomination
 31885 | Abyss:5  | XOM: confuse monster(s)
 31899 | Abyss:5  | XOM: destruction
 31903 | Abyss:5  | XOM: scenery: 1 doors close
 31956 | Abyss:5  | XOM: divine lightning
 31969 | Abyss:5  | HP: 5/153 [tentacled starspawn (11)]
 32104 | Abyss:5  | XOM: cleaving
 32104 | Abyss:5  | XOM: smoke on damage
 32106 | Abyss:5  | Reached XP level 20. HP: 98/160 MP: 20/20
 32117 | Abyss:5  | XOM: cleaving
 32126 | Abyss:5  | XOM: divination: detect creatures
 32127 | Abyss:5  | Paralysed by you for 3 turns
 32133 | Abyss:5  | Got an abyssal rune of Zot
 32316 | Abyss:5  | XOM: give mutations
 32316 | Abyss:5  | Gained mutation: Your movements are slightly less
                  | encumbered by armour. (ER -2) [Xom's grace]
 32316 | Abyss:5  | Gained mutation: You are somewhat resistant to both further
                  | mutation and mutation removal. [Xom's grace]
 32316 | Abyss:5  | Gained mutation: A frigid envelope surrounds you and
                  | freezes all who hurt you. [Xom's grace]
 32316 | Abyss:5  | Gained mutation: Your flesh is heat resistant. (rF+) [Xom's
                  | grace]
 32466 | Abyss:5  | XOM: summons 2 friendly demons
 32482 | Abyss:5  | Noticed an ancient lich
 32486 | Abyss:5  | XOM: fake destruction
 32492 | Abyss:5  | XOM: butterfly on damage
 32521 | Abyss:6  | Reached skill level 21 in Fighting
 32666 | Abyss:6  | Reached skill level 5 in Hexes
 32666 | Abyss:6  | XOM: enchant monster (bad)
 32675 | Abyss:6  | Learned a level 3 spell: Confusing Touch
 32677 | Abyss:6  | XOM: enchant monster (bad)
 32684 | Abyss:6  | XOM: polymorph smoke demon -> sixfirhy
 32720 | Abyss:6  | Noticed an ancient lich
 32732 | Abyss:6  | Killed an ancient lich
 32762 | Abyss:6  | Found a corrupted altar of Lugonu.
 32769 | Abyss:6  | XOM: noise
 32778 | Abyss:6  | Noticed a bone dragon
 32785 | Abyss:6  | XOM: destruction
 32788 | Abyss:6  | XOM: summons friendly ufetubus
 32830 | Abyss:6  | XOM: noise
 32832 | Abyss:6  | Found a corrupted altar of Lugonu.
 32878 | Abyss:6  | XOM: noise
 32888 | Vaults:2 | Escaped the Abyss
 33121 | Vaults:3 | XOM: potion effect (heal wounds)
 33135 | Vaults:3 | Learned a level 3 spell: Tukima's Dance
 33199 | Vaults:3 | Found a staircase to the Crypt.
 33271 | Vaults:3 | XOM: noise
 33414 | Vaults:3 | XOM: divination: detect creatures
 33467 | Vaults:3 | Reached skill level 10 in Hexes
 33625 | Vaults:3 | XOM: silly message
 33661 | Vaults:3 | XOM: chaos upgrade
 33723 | Vaults:3 | XOM: summons friendly ufetubus
 33729 | Vaults:3 | XOM: cast spell 'Death Channel'
 33887 | Vaults:3 | XOM: summons friendly shadow imp
 33906 | Vaults:3 | Reached skill level 15 in Long Blades
 34005 | Vaults:3 | XOM: enchant monster (good)
 34644 | Vaults:4 | XOM: enchant monster (good)
 34732 | Vaults:4 | XOM: give mutations
 34732 | Vaults:4 | Gained mutation: Your flesh is cold resistant. (rC+) [Xom's
                  | grace]
 34732 | Vaults:4 | Gained mutation: Your muscles are strong. (Str +4, Int/Dex
                  | -1) [Xom's grace]
 34732 | Vaults:4 | Lost mutation: You are frail. (-10% HP) [Xom's grace]
 34863 | Vaults:4 | XOM: 7-stop teleportation journey
 35166 | Vaults:4 | XOM: god gift: scroll of enchant weapon
 35234 | Vaults:4 | Found a transporter.
 35236 | Vaults:4 | Found a bloodstained altar of Trog.
 35244 | Vaults:4 | Noticed Gekot's ghost (veteran GrFi)
 35256 | Vaults:4 | Found a transporter.
 35455 | Vaults:4 | Gained mutation: You are completely covered in icy blue
                  | scales. (AC +4, rC+) [demonic ancestry]
 35455 | Vaults:4 | Reached XP level 21. HP: 186/186 MP: 21/21
 35551 | Vaults:4 | XOM: divination: magic mapping
 35563 | Vaults:4 | XOM: divination: magic mapping
 35759 | Vaults:4 | XOM: god gift: 6 stones
 35817 | Vaults:4 | XOM: torment (131/186 hp)
 35824 | Abyss:6  | Cast into level 6 of the Abyss (Xom)
 35835 | Abyss:6  | XOM: blink monster(s)
 35869 | Vaults:4 | Escaped the Abyss
 35910 | Vaults:4 | XOM: blink monster(s)
 35996 | Vaults:4 | Identified the staff of poison "Ymouneaw" {rPois MP+9}
 36101 | Vaults:5 | Entered Level 5 of the Vaults
 36102 | Vaults:5 | XOM: repel stairs
 36118 | Vaults:5 | XOM: 2-stop teleportation journey
 36193 | Vaults:5 | Found Hota's Magic Scroll Boutique.
 36195 | Vaults:5 | XOM: enchant monster (good)
 36203 | Vaults:5 | Got a silver rune of Zot
 36207 | Vaults:5 | Bought a scroll of teleportation for 51 gold pieces
 36207 | Vaults:5 | Bought a scroll of teleportation for 51 gold pieces
 36207 | Vaults:5 | Bought a scroll of fog for 68 gold pieces
 36207 | Vaults:5 | Bought 3 scrolls of fog for 204 gold pieces
 36207 | Vaults:5 | Bought a scroll of teleportation for 51 gold pieces
 36207 | Vaults:5 | Bought a scroll of magic mapping for 127 gold pieces
 36207 | Vaults:5 | Bought a scroll of blinking for 127 gold pieces
 36213 | Vaults:5 | XOM: chaos upgrade
 36223 | Vaults:5 | XOM: enchant monster (bad)
 36249 | Vaults:5 | XOM: chaos upgrade
 36262 | Vaults:5 | Reached skill level 22 in Fighting
 36273 | Vaults:5 | XOM: chaos upgrade
 36275 | Vaults:5 | XOM: chaos upgrade
 36277 | Vaults:5 | XOM: noise
 36298 | Vaults:5 | XOM: silly message
 36310 | Vaults:4 | XOM: silly message
 36519 | Vaults:5 | XOM: polymorph vault guard -> death yak
 36633 | Vaults:5 | XOM: summons friendly crimson imp
 36656 | Vaults:5 | XOM: noise
 36769 | Vaults:5 | XOM: potion effect (heal wounds)
 36771 | Vaults:5 | Reached skill level 5 in Armour
 36801 | Vaults:5 | XOM: noise
 36862 | Vaults:5 | XOM: silly message
 36870 | Vaults:5 | XOM: potion effect (invisibility)
 36931 | Vaults:5 | XOM: blink monster(s)
 37059 | Vaults:5 | Identified the +3 robe of the Snail {Will- Dex+7}
 37063 | Vaults:5 | XOM: divination: detect creatures
 37216 | Vaults:5 | Identified the ring "Milej" {rPois rF+}
 37217 | Vaults:5 | XOM: enchant monster (good)
 37302 | Vaults:5 | XOM: cast spell 'Olgreb's Toxic Radiance'
 37335 | Vaults:5 | Acquired a +0 double sword of protection
 37342 | Vaults:5 | XOM: noise
 37506 | Vaults:5 | Identified the ring of the Blue Skies {+Blink rCorr Str-4
                  | Dex+6 Stlth+}
 37579 | Vaults:5 | Identified the +0 scale mail of Instinct {Harm rCorr}
 37668 | Vaults:5 | XOM: cast spell 'Summon Ice Beast'
 38092 | Vaults:5 | Identified the staff of cold "Gosis" {rF+++ rC+ MP-9 Dex+4
                  | Stlth-}
 38106 | Vaults:5 | Got the Catalogue of Accomplices and Teratogeny
 38132 | Vaults:5 | XOM: summons 11 hostile demons
 38440 | Elf:1    | Entered Level 1 of the Elven Halls
 38455 | Elf:1    | Reached XP level 22. HP: 167/196 MP: 22/22
 38459 | Abyss:6  | Cast into level 6 of the Abyss (Xom)
 38461 | Abyss:6  | an acid blob changed into a golden dragon
 38461 | Abyss:6  | Noticed a golden dragon
 38461 | Abyss:6  | XOM: polymorph acid blob -> golden dragon
 38467 | Abyss:6  | Killed a golden dragon
 38475 | Elf:1    | Escaped the Abyss
 38481 | Elf:1    | Reached skill level 10 in Armour
 38567 | Elf:1    | Paralysed by an air elemental for 1 turns
 38571 | Elf:1    | XOM: divination: detect items
 38643 | Elf:1    | Found Raikheqa's Book Shoppe.
 39326 | Elf:2    | Acquired a manual of Long Blades
 39401 | Elf:2    | Found Feaza's Book Emporium.
 39402 | Elf:2    | Found Iluecaheg's Jewellery Emporium.
 39402 | Elf:2    | Found Otuannudy's Book Shoppe.
 39441 | Elf:2    | XOM: divination: detect items
 39467 | Elf:2    | Found Yfuif's Distillery.
 39513 | Elf:2    | Bought a potion of curing for 36 gold pieces
 39513 | Elf:2    | Bought a potion of resistance for 120 gold pieces
 39513 | Elf:2    | Bought a potion of heal wounds for 60 gold pieces
 39676 | Elf:2    | Found a runed translucent gate.
 39676 | Elf:2    | Found a runed translucent gate.
 39676 | Elf:2    | Found a runed translucent gate.
 39796 | Elf:2    | XOM: confuse monster(s)
 39813 | Elf:2    | XOM: cloud trail
 40127 | Elf:2    | XOM: blink monster(s)
 40133 | Elf:2    | XOM: enchant monster (bad)
 40143 | Elf:2    | XOM: enchant monster (good)
 40146 | Elf:2    | XOM: potion effect (invisibility)
 40313 | Elf:2    | XOM: 9-stop teleportation journey
 40425 | Abyss:6  | Cast into level 6 of the Abyss (+2 bardiche of distortion)
 40476 | Elf:2    | Escaped the Abyss
 40509 | Elf:2    | XOM: give mutations
 40509 | Elf:2    | Lost mutation: You are resistant to electric shocks.
                  | (rElec) [Xom's mischief]
 40509 | Elf:2    | Lost mutation: You are somewhat resistant to both further
                  | mutation and mutation removal. [Xom's mischief]
 40509 | Elf:2    | Lost mutation: Your flesh is cold resistant. (rC+) [Xom's
                  | mischief]
 40509 | Elf:2    | Gained mutation: You are occasionally teleported next to
                  | monsters. [Xom's mischief]
 40715 | Elf:3    | Entered Level 3 of the Elven Halls
 40860 | Elf:3    | Found Bim Vung's Jewellery Shop.
 40862 | Elf:3    | Found Gobeutaa's Book Emporium.
 40863 | Elf:3    | Found Jierche's Jewellery Shop.
 40873 | Elf:3    | Bought the ring of Xom's Attic {MP+9 Str+2 SInv} for 424
                  | gold pieces
 40998 | Elf:3    | XOM: polymorph fire bat -> shapeshifter
 41017 | Elf:3    | Found a magical portal.
 41018 | Elf:3    | Identified the +9 shortbow "Gashrasu" {freeze, Fly Str+3
                  | Int+5}
 41089 | Elf:3    | XOM: fog
 41205 | Elf:3    | Reached skill level 1 in Ranged Weapons
 41231 | Elf:3    | XOM: chaos cloud
 41238 | Elf:3    | XOM: noise
 41272 | Elf:3    | XOM: swap monsters
 41297 | Elf:3    | XOM: 1-stop teleportation journey
 41334 | Elf:3    | XOM: silly message
 41349 | Elf:3    | XOM: give mutations
 41349 | Elf:3    | Lost mutation: You are occasionally teleported next to
                  | monsters. [Xom's mischief]
 41349 | Elf:3    | Lost mutation: You have a pair of small horns on your head.
                  | [Xom's mischief]
 41349 | Elf:3    | Lost strength.
 41349 | Elf:3    | Lost mutation: Your muscles are strong. (Str +4, Int/Dex
                  | -1) [Xom's mischief]
 41349 | Elf:3    | Lost mutation: Your movements are slightly less encumbered
                  | by armour. (ER -2) [Xom's mischief]
 41463 | Elf:3    | Reached skill level 5 in Ranged Weapons
 41507 | Elf:3    | Identified the amulet of Contentment {Acrobat Rampage
                  | Fragile rC+ Int+4}
 41618 | Elf:3    | XOM: give mutations
 41618 | Elf:3    | Gained mutation: You have a pair of small antennae on your
                  | head. [Xom's grace]
 41618 | Elf:3    | Gained mutation: Your spells are much harder to cast, but
                  | much more powerful. [Xom's grace]
 41618 | Elf:3    | Gained mutation: Your flesh is cold resistant. (rC+) [Xom's
                  | grace]
 41618 | Elf:3    | Gained mutation: You have a somewhat thin skeletal
                  | structure. (Dex +2, Stealth+) [Xom's grace]
 41678 | Elf:3    | Identified the +4 dire flail of Winter {flame, Int+6}
 41962 | Elf:3    | Identified the +1 leather armour "Tefooroshi" {Slay+3}
 42519 | Vaults:3 | XOM: torment (138/196 hp)
 42589 | Crypt:1  | XOM: stealth player
 42589 | Crypt:1  | Entered Level 1 of the Crypt
 42812 | Crypt:1  | XOM: give mutation
 42812 | Crypt:1  | Gained mutation: You passively map a small area around you.
                  | [Xom's grace]
 42937 | Crypt:1  | XOM: summons 6 friendly demons
 42996 | Crypt:1  | XOM: give mutation
 42996 | Crypt:1  | Gained mutation: You are covered in fur. (AC +1) [Xom's
                  | grace]
 43090 | Crypt:1  | XOM: summons friendly shadow imp
 43205 | Crypt:1  | XOM: cast spell 'Cause Fear'
 43207 | Crypt:1  | XOM: cast spell 'Chain of Chaos'
 43253 | Crypt:1  | XOM: god gift: potion of cancellation
 43581 | Crypt:2  | Gained mutation: Your presence sometimes corrodes or
                  | deforms those you injure. [demonic ancestry]
 43581 | Crypt:2  | Reached XP level 23. HP: 195/204 MP: 23/23
 43743 | Crypt:2  | XOM: summons friendly iron imp
 43756 | Crypt:2  | XOM: scenery: summon butterflies
 43762 | Crypt:2  | XOM: enchant monster (bad)
 43978 | Crypt:2  | Identified the staff of cold "Weimisio" {rF- rC+ rCorr
                  | Str+9 Stlth-}
 43978 | Crypt:2  | Identified the ring of Panlienk {Ice Will+ Int+2 Dex+6}
 43978 | Crypt:2  | Noticed Josephina
 43992 | Crypt:2  | Killed Josephina
 44137 | Crypt:2  | Reached skill level 23 in Fighting
 44345 | Crypt:2  | XOM: stat loss: -1 Int (20/21)
 44483 | Crypt:3  | Entered Level 3 of the Crypt
 44558 | Crypt:3  | XOM: potion effect (heal wounds)
 44559 | Crypt:3  | XOM: blink monster(s)
 44618 | Crypt:3  | Got the Annotations on the Amorphous Summer
 44670 | Crypt:3  | Found a staircase to the Tomb.
 44689 | Tomb:1   | Entered Level 1 of the Tomb of the Ancients
 44802 | Tomb:1   | XOM: summons friendly ufetubus
 44892 | Crypt:3  | XOM: give mutation
 44892 | Crypt:3  | Lost mutation: You are covered in fur. (AC +1) [Xom's
                  | mischief]
 44981 | Crypt:3  | XOM: 1-stop teleportation journey
 45002 | Crypt:3  | Identified the +5 chain mail of the Will of the Gods {rF+}
 45373 | Crypt:3  | Noticed a dread lich
 45382 | Crypt:3  | Killed a dread lich
 45391 | Crypt:3  | Identified the staff of death "Ovoafug" {Contam rC+ rN+
                  | Int+6}
 45400 | Crypt:3  | XOM: cast spell 'Disjunction'
 45417 | Crypt:3  | XOM: cast spell 'Monstrous Menagerie'
 45423 | Crypt:3  | Reached skill level 24 in Fighting
 45423 | Crypt:3  | XOM: chaos upgrade
 45588 | Crypt:3  | XOM: scenery: 2 doors close
 45600 | Crypt:3  | Identified the staff of death "Fuosaurch" {rN+ Str+2 Int+2}
 45671 | Crypt:3  | XOM: 4-stop teleportation journey
 45825 | Crypt:3  | XOM: summons friendly ufetubus
 45866 | Crypt:3  | XOM: 1-stop teleportation journey
 45909 | Crypt:3  | XOM: give mutations
 45909 | Crypt:3  | Lost mutation: Your spells are much harder to cast, but
                  | much more powerful. [Xom's mischief]
 45909 | Crypt:3  | Lost mutation: You have a somewhat thin skeletal structure.
                  | (Dex +2, Stealth+) [Xom's mischief]
 45909 | Crypt:3  | Lost mutation: You are agile. (Dex +4, Str/Int -1) [Xom's
                  | mischief]
 45926 | Crypt:3  | XOM: chaos cloud
 46073 | Crypt:3  | XOM: stat loss: -1 Str (4/5)
 46381 | Crypt:3  | XOM: stat loss: -1 Int (21/22)
 46846 | D:14     | Identified the +10 falchion "Don Jaefuvo" {spect, +Blink
                  | rF- Str+4 Int+3}
 46982 | D:14     | XOM: scenery: create altars
 47007 | D:14     | XOM: 2-stop teleportation journey
 47102 | D:14     | Found Hirauppe's Assorted Antiques.
 47127 | D:14     | Bought a box of beasts for 1560 gold pieces
 47127 | D:14     | Bought a lightning rod (4/4) for 1170 gold pieces
 47181 | D:14     | Noticed Frances
 47186 | D:14     | Killed Frances
 47262 | D:14     | XOM: 5-stop teleportation journey
 47265 | D:14     | XOM: give mutations
 47265 | D:14     | Lost mutation: You expend magic power (3 MP) to strengthen
                  | your wands. [Xom's mischief]
 47265 | D:14     | Lost mutation: You passively map a small area around you.
                  | [Xom's mischief]
 47265 | D:14     | Lost mutation: Your mind is very acute. (Int +8, Str/Dex
                  | -2) [Xom's mischief]
 47469 | D:15     | Entered Level 15 of the Dungeon
 47648 | D:15     | Identified the +0 chain mail of Hubris {MP+9 Int-5 Dex+7}
 47698 | D:15     | Found a staircase to the Depths.
 47728 | D:15     | Reached skill level 25 in Fighting
 47899 | Depths:1 | Entered Level 1 of the Depths
 47907 | Depths:1 | Found Tiaset's Jewellery Emporium.
 47950 | Depths:1 | XOM: enchant monster (bad)
 48029 | Depths:1 | XOM: polymorph deep troll -> floating eye
 48031 | Depths:1 | XOM: summons friendly iron imp
 48206 | Depths:1 | Found Gojoytiu's Antique Armour Emporium.
 48337 | Depths:1 | Found Lotwuyki's Distillery.
 48337 | Depths:1 | Found Idewniukh's Magic Scroll Shoppe.
 48341 | Depths:1 | Bought a potion of heal wounds for 55 gold pieces
 48341 | Depths:1 | Bought a potion of resistance for 110 gold pieces
 48341 | Depths:1 | Bought a potion of heal wounds for 55 gold pieces
 48341 | Depths:1 | Bought a potion of invisibility for 88 gold pieces
 48349 | Depths:1 | Bought a scroll of enchant weapon for 135 gold pieces
 48349 | Depths:1 | Bought a scroll of teleportation for 54 gold pieces
 48349 | Depths:1 | Bought a scroll of enchant weapon for 135 gold pieces
 48364 | Depths:1 | Noticed Aizul
 48366 | Depths:1 | Found Domok's Distillery.
 48371 | Depths:1 | Killed Aizul
 48372 | Depths:1 | Reached XP level 24. HP: 211/222 MP: 23/23
 48423 | Depths:1 | Bought a potion of haste for 130 gold pieces
 48423 | Depths:1 | Bought a potion of resistance for 130 gold pieces
 48423 | Depths:1 | Bought a potion of might for 52 gold pieces
 48423 | Depths:1 | Bought 2 potions of invisibility for 208 gold pieces
 48423 | Depths:1 | Bought a potion of heal wounds for 65 gold pieces
 48430 | Depths:1 | Identified the +5 scimitar of the Many Stars {speed, Int+4
                  | Dex-5}
 48571 | Depths:1 | Found a one-way gateway to a ziggurat.
 48612 | Depths:1 | XOM: give mutations
 48612 | Depths:1 | Gained mutation: Your spells are much harder to cast, but
                  | much more powerful. [Xom's grace]
 48612 | Depths:1 | Gained mutation: Your movements are slightly less
                  | encumbered by armour. (ER -2) [Xom's grace]
 48612 | Depths:1 | Gained mutation: You are agile. (Dex +4, Str/Int -1) [Xom's
                  | grace]
 48612 | Depths:1 | Gained mutation: You expend magic power (3 MP) to
                  | strengthen your wands. [Xom's grace]
 48652 | D:15     | XOM: god gift: broad axe {god gift}
 49325 | Vaults:1 | XOM: god gift: 28 gold pieces
 49402 | Vaults:3 | XOM: silly message
 49971 | Depths:1 | Noticed a juggernaut
 50003 | Depths:1 | Killed a juggernaut
 50004 | Depths:1 | Reached skill level 26 in Fighting
 50010 | Depths:1 | Identified the +8 plate armour of Bocs {Int+5}
 50152 | Hell     | Entered the Vestibule of Hell
 50152 | Hell     | Noticed Geryon
 50153 | Hell     | XOM: potion effect (might)
 50202 | Depths:2 | XOM: blink monster(s)
 50203 | Depths:2 | XOM: noise
 50217 | Depths:2 | XOM: enchant monster (good)
 50283 | Depths:2 | XOM: chaos upgrade
 50708 | Depths:2 | XOM: destruction
 50709 | Depths:2 | XOM: confuse monster(s)
 50744 | Depths:2 | Found a shimmering altar of Xom.
 50746 | Depths:2 | Found a one-way gate to the infinite horrors of the Abyss.
 50792 | Depths:2 | XOM: enchant monster (bad)
 50797 | Depths:2 | XOM: divination: detect creatures
 50830 | Depths:2 | XOM: summons 5 friendly demons
 50850 | Depths:2 | Identified the +1 leather armour "Ulamecy" {Str+4 Int+2
                  | Slay-4}
 50874 | Depths:2 | Reached skill level 27 in Fighting
 50954 | Depths:2 | XOM: give mutations
 50954 | Depths:2 | Gained mutation: You are very agile. (Dex +8, Str/Int -2)
                  | [Xom's grace]
 50954 | Depths:2 | Gained mutation: You are strong-willed. (Will+) [Xom's
                  | grace]
 50954 | Depths:2 | Lost mutation: You are somewhat resistant to further
                  | mutation. [Xom's grace]
 50954 | Depths:2 | Gained mutation: You have hidden genetic potential. [Xom's
                  | grace]
 50961 | Depths:2 | Got the Tome of the Wyrd
 51021 | Depths:2 | Found a shadowy altar of Dithmenos.
 51065 | Depths:2 | XOM: summons 9 friendly demons
 51074 | Depths:2 | XOM: summons friendly iron imp
 51090 | Depths:2 | XOM: divine lightning
 51094 | Depths:2 | XOM: scenery: 7 doors close
 51097 | Depths:2 | XOM: divination: detect items
 51113 | Depths:2 | Found an ornate altar of the Wu Jian Council.
 51261 | Depths:2 | Found a one-way gate leading to the halls of Pandemonium.
 51381 | Depths:2 | XOM: scenery: 8 doors close
 51521 | Depths:2 | XOM: give mutations
 51521 | Depths:2 | Gained mutation: You have sharp toenails. [Xom's grace]
 51521 | Depths:2 | Gained mutation: Your muscles are strong. (Str +4, Int/Dex
                  | -1) [Xom's grace]
 51652 | Depths:2 | You are sucked into a shaft and drop 1 floor!
 51664 | Depths:3 | XOM: divination: magic mapping
 51742 | Depths:3 | Paralysed by a floating eye for 3 turns
 51743 | Depths:3 | XOM: cleaving
 51748 | Depths:3 | XOM: polymorph frost giant -> quicksilver dragon
 51821 | Depths:3 | XOM: enchant monster (good)
 51863 | Depths:3 | Reached skill level 15 in Armour
 51984 | Depths:3 | XOM: cast spell 'Necromutation'
 52042 | Depths:3 | XOM: confuse monster(s)
 52236 | Depths:3 | XOM: give mutations
 52236 | Depths:3 | Lost mutation: Your flesh is heat resistant. (rF+) [Xom's
                  | mischief]
 52236 | Depths:3 | Lost mutation: You are very agile. (Dex +8, Str/Int -2)
                  | [Xom's mischief]
 52236 | Depths:3 | Lost mutation: You are agile. (Dex +4, Str/Int -1) [Xom's
                  | mischief]
 52309 | Depths:3 | Found a blossoming altar of Fedhas.
 52513 | Depths:3 | XOM: give mutations
 52513 | Depths:3 | Lost mutation: You have a pair of small antennae on your
                  | head. [Xom's mischief]
 52513 | Depths:3 | Lost mutation: Your system is resistant to poisons. (rPois)
                  | [Xom's mischief]
 52513 | Depths:3 | Lost mutation: You are strong-willed. (Will+) [Xom's
                  | mischief]
 52513 | Depths:3 | Lost mutation: Your muscles are strong. (Str +4, Int/Dex
                  | -1) [Xom's mischief]
 52535 | Depths:4 | Entered Level 4 of the Depths
 52959 | Depths:4 | Noticed Louise
 52967 | Depths:4 | Killed Louise
 53017 | Depths:4 | Gained mutation: You can speak a Word of Chaos. [demonic
                  | ancestry]
 53017 | Depths:4 | Reached XP level 25. HP: 224/234 MP: 23/23
 53318 | Depths:4 | Found a basalt altar of Yredelemnul.
 53385 | Depths:4 | XOM: 9-stop teleportation journey
 54137 | D:11     | XOM: give mutation
 54137 | D:11     | Lost mutation: A frigid envelope surrounds you and freezes
                  | all who hurt you. [Xom's mischief]
 54329 | Vaults:3 | XOM: give mutation
 54329 | Vaults:3 | Gained mutation: Your mind is very acute. (Int +8, Str/Dex
                  | -2) [Xom's mischief]
 54589 | D:11     | XOM: give mutations
 54589 | D:11     | Gained mutation: You have supernaturally acute eyesight.
                  | (SInv) [Xom's grace]
 54589 | D:11     | Gained mutation: You are strong-willed. (Will+) [Xom's
                  | grace]
 54773 | Depths:2 | XOM: silly message
 55043 | Depths:4 | Found a gate to the Realm of Zot.
 55282 | Depths:4 | Found an ornate altar of the Wu Jian Council.
 55415 | Zot:1    | Entered Level 1 of the Realm of Zot
 55498 | Zot:1    | XOM: 1-stop teleportation journey
 55555 | Zot:1    | XOM: summons 1 hostile shadow creature
 55675 | Zot:1    | XOM: chaos cloud
 55683 | Zot:1    | XOM: noise
 55972 | Zot:1    | Reached skill level 1 in Throwing
 56686 | Zot:1    | XOM: give mutations
 56686 | Zot:1    | Lost mutation: You are strong-willed. (Will+) [Xom's
                  | mischief]
 56686 | Zot:1    | Lost mutation: You have hidden genetic potential. [Xom's
                  | mischief]
 56686 | Zot:1    | Gained mutation: You are somewhat resistant to further
                  | mutation. [Xom's mischief]
 56686 | Zot:1    | Lost mutation: You possess an exceptional clarity of mind.
                  | [Xom's mischief]
 56854 | Zot:2    | XOM: noise
 56964 | Zot:2    | XOM: scenery: 2 doors open
 56989 | Zot:2    | XOM: silly message
 57000 | Zot:2    | XOM: confuse monster(s)
 57061 | Zot:2    | XOM: silly message
 57427 | Zot:2    | XOM: smoke on damage
 57496 | Zot:2    | Identified the +1 long sword "Tiruddiq" {venom, *Rage Str+2
                  | SInv}
 57629 | Zot:2    | XOM: stat loss: -1 Str (6/7)
 57696 | Zot:2    | XOM: give mutations
 57696 | Zot:2    | Lost mutation: Your mind is very acute. (Int +8, Str/Dex
                  | -2) [Xom's mischief]
 57696 | Zot:2    | Lost mutation: You have supernaturally acute eyesight.
                  | (SInv) [Xom's mischief]
 57696 | Zot:2    | Gained mutation: You have razor-sharp toenails. [Xom's
                  | mischief]
 57696 | Zot:2    | Gained mutation: You are weak. (Str -2) [Xom's mischief]
 57820 | Zot:3    | XOM: 7-stop teleportation journey
 57900 | Zot:2    | XOM: god gift: wand of polymorph (1)
 57949 | Zot:2    | XOM: god gift: 23 gold pieces
 57990 | Zot:3    | XOM: chaos cloud
 58072 | Zot:2    | XOM: cloud trail
 58085 | Zot:3    | XOM: potion effect (haste)
 58109 | Zot:3    | XOM: confuse monster(s)
 58139 | Zot:2    | Identified the staff of fire "Poniasm" {rF+ rC- rCorr Str-5
                  | Int+6} (Xom gifted it to you on level 2 of the Realm of
                  | Zot)
 58139 | Zot:2    | XOM: god gift: staff of fire "Poniasm" {rF+ rC- rCorr Str-5
                  | Int+6}
 58269 | Zot:3    | XOM: enchant monster (good)
 58270 | Zot:3    | XOM: summons friendly shadow imp
 58462 | Zot:3    | XOM: 9-stop teleportation journey
 58489 | Zot:3    | XOM: scenery: create altars
 58710 | Zot:3    | XOM: silly message
 58841 | Zot:3    | XOM: cleaving
 58846 | Zot:3    | XOM: summons 3 friendly demons
 58902 | Zot:3    | XOM: divine lightning
 58903 | Zot:3    | XOM: summons friendly ufetubus
 59115 | Zot:3    | Identified the orb "Huuteuj" {*channel, Int+2 Dex+3}
 59472 | Zot:4    | XOM: fog
 59511 | Zot:4    | XOM: summons friendly crimson imp
 59512 | Zot:4    | XOM: cleaving
 59568 | Zot:4    | XOM: cloud trail
 59655 | Zot:4    | XOM: 8-stop teleportation journey
 59697 | Zot:4    | XOM: enchant monster (good)
 59702 | Zot:4    | Gained mutation: When low on magic, you restore magic in
                  | place of health. [demonic ancestry]
 59702 | Zot:4    | Reached XP level 26. HP: 227/242 MP: 23/23
 59897 | Zot:4    | XOM: give mutations
 59897 | Zot:4    | Lost mutation: Your movements are slightly less encumbered
                  | by armour. (ER -2) [Xom's mischief]
 59897 | Zot:4    | Lost mutation: Your spells are much harder to cast, but
                  | much more powerful. [Xom's mischief]
 59897 | Zot:4    | Lost mutation: You are somewhat resistant to further
                  | mutation. [Xom's mischief]
 59897 | Zot:4    | Gained mutation: You have hidden genetic potential. [Xom's
                  | mischief]
 59897 | Zot:4    | Lost mutation: You have hidden genetic potential. [Xom's
                  | mischief]
 59898 | Zot:4    | Lost mutation: Your flesh is cold resistant. (rC+) [potion
                  | of mutation]
 59898 | Zot:4    | Lost mutation: You expend magic power (3 MP) to strengthen
                  | your wands. [potion of mutation]
 59898 | Zot:4    | Lost mutation: Your spells are harder to cast, but more
                  | powerful. [potion of mutation]
 59898 | Zot:4    | Lost mutation: Your mind is acute. (Int +4, Str/Dex -1)
                  | [potion of mutation]
 59904 | Zot:4    | Lost mutation: Your spells are a little harder to cast, but
                  | a little more powerful. [potion of mutation]
 59904 | Zot:4    | Lost mutation: You are weak. (Str -2) [potion of mutation]
 59904 | Zot:4    | Lost mutation: You have razor-sharp toenails. [potion of
                  | mutation]
 59904 | Zot:4    | Gained mutation: A frigid envelope surrounds you and
                  | freezes all who hurt you. [potion of mutation]
 59904 | Zot:4    | Gained mutation: You are dopey. (Int -2) [potion of
                  | mutation]
 59904 | Zot:4    | Gained mutation: Armour fits poorly on your strangely
                  | shaped body. [potion of mutation]
 59904 | Zot:4    | Gained mutation: You have supernaturally acute eyesight.
                  | (SInv) [potion of mutation]
 59905 | Zot:4    | Lost mutation: You have sharp toenails. [potion of
                  | mutation]
 59905 | Zot:4    | Lost mutation: Armour fits poorly on your strangely shaped
                  | body. [potion of mutation]
 59905 | Zot:4    | Lost mutation: A frigid envelope surrounds you and freezes
                  | all who hurt you. [potion of mutation]
 59905 | Zot:4    | Gained mutation: You have large cloven feet. [potion of
                  | mutation]
 59905 | Zot:4    | Gained mutation: A frigid envelope surrounds you and
                  | freezes all who hurt you. [potion of mutation]
 59971 | Zot:5    | Entered Level 5 of the Realm of Zot
 59984 | Zot:5    | XOM: 1-stop teleportation journey
 60268 | Zot:5    | XOM: destruction
 60274 | Zot:5    | XOM: butterfly on damage
 60389 | Zot:5    | Noticed a dread lich
 60389 | Zot:5    | Noticed an ancient lich
 60389 | Zot:5    | Noticed an orb of fire
 60389 | Zot:5    | Noticed a dread lich
 60389 | Zot:5    | Noticed an ancient lich
 60389 | Zot:5    | Noticed a dread lich
 60389 | Zot:5    | XOM: 1-stop teleportation journey
 60392 | Zot:5    | XOM: summons friendly white imp
 60398 | Zot:5    | XOM: cast spell 'Summon Hydra'
 60403 | Zot:5    | XOM: confuse monster(s)
 60405 | Zot:5    | XOM: god gift: 45 gold pieces
 60409 | Zot:5    | Reached skill level 10 in Ranged Weapons
 60409 | Zot:5    | Banished an ancient lich
 60410 | Zot:5    | XOM: potion effect (brilliance)
 60412 | Zot:5    | Noticed a dread lich
 60414 | Zot:5    | Noticed an orb of fire
 60419 | Zot:5    | Noticed a dread lich
 60423 | Zot:5    | HP: 4/242 [death cob (9)]
 60423 | Zot:5    | Killed from afar by an ancient lich

Illustrated notes

Levels and vault maps discovered:
D:1:      mainiacjoe_arrival_reflecting_pool, layout_rooms,
          palyth_stone_intersect
D:2:      layout_loops_corners, serial_aquarium, aquarium_bridge_square
          [aquarium_subvault_bridge, aquarium_subvault_bridge,
          aquarium_subvault_window, aquarium_subvault_wall],
          aquarium_bridge_long_separate [aquarium_subvault_bridge,
          aquarium_subvault_window, aquarium_subvault_bridge,
          aquarium_subvault_window, aquarium_subvault_bridge,
          aquarium_subvault_window], aquarium_window_1, aquarium_window_1,
          aquarium_window_2, aquarium_view_2g, aquarium_pool_2, st_stairs_6,
          chequers_serial_rivers_micro_a
D:3:      layout_loops_ring, hellmonk_ecumenical_altar_dog_temple,
          hangedman_abyss_or_decor_lesser_grid, minivault_11,
          nicolae_figureground_sparkle, uniq_jessica
D:4:      gammafunk_steamed_eel, layout_rooms, grunt_ministairs_1
D:5:      cheibrodos_fzero, layout_basic, nicolae_elyvilon_temple_path,
          minmay_joined_circles
D:6:      layout_rooms, lightli_temple_of_fire, minmay_temple_entry_poolview,
          serial_bayou_pond_e, uniq_crazy_yiuf_cottage, uniq_prince_ribbit1
D:7:      layout_rooms, lemuel_zombie_altar_kikubaaqudgha,
          nicolae_figureground_pulse, uniq_joseph
D:8:      layout_basic, lemuel_coloured_pillars_altar, uniq_grum
D:9:      layout_long_grid, serial_demonic, serial_demonic_c, serial_demonic_e,
          serial_demonic_g, serial_demonic_g, minmay_diced_spiral
D:10:     layout_basic, due_lair_maze_entry_diamond
D:11:     layout_loops_corners, hangedman_minor_magic
D:12:     layout_basic, david_orc_2, uniq_snorg
D:13:     minmay_the_grid_triangle_9x9_rhombus_thin_mashed
          [minmay_the_grid_triangle_9x9_dagger,
          minmay_the_grid_triangle_9x9_prize_schism,
          minmay_the_grid_triangle_9x9_corrupted_corridor,
          minmay_the_grid_triangle_9x9_flanged_cone], layout_loops_cross,
          grunt_vaults_entry_tiered
D:14:     layout_small_grid, serial_shops, nicolae_shop_tiny_statue_garden,
          uniq_frances
D:15:     grunt_enter_depths_giant_problem, layout_cave_pools
Lair:1:   layout_chaotic_city, nzn_random_ring
Lair:2:   layout_chaotic_city, nicolae_spider_entry_orb_guardian,
          beast_lair_carwin_11, serial_bayou_shore_a
Lair:3:   layout_small_grid, nicolae_swamp_entry_splash_gauntlet,
          kennysheep_snail_temple, serial_bayou_shore_b
Lair:4:   layout_small_grid, lightli_volcano_entry_magma_tube
Lair:5:   evil_forest, layout_gridlike, nicolae_slime_entry_field_trip,
          serial_bayou_ford_a
Swamp:1:  layout_basic_swamp, hangedman_swamp_ruin_wall, swamp_pool1
Swamp:2:  layout_basic_swamp, evilmike_swamp_ruin_house_2,
          infiniplex_staircase_pool_2
Swamp:3:  cheibrodos_swamp_tower_of_moss, layout_falls_marsh,
          nicolae_swamp_some_circles, beargit_kiku_chapel
Swamp:4:  swamp_basic_johnstein, layout_basic_swamp, swamp_pool1, uniq_kirke
Spider:1: layout_spider_delve, nicolae_spider_world_wide_web, uniq_rupert,
          uniq_azrael
Spider:2: spiders_nest_scorpion_pit, nicolae_spider_cling_ruins,
          guppyfry_spider_mini_3, uniq_donald
Spider:3: layout_cave_pods
Spider:4: grunt_spider_rune_circles, nicolae_spider_rock_and_or_roll,
          uniq_arachne
Orc:1:    layout_diamond_mine, serial_shops, nicolae_shop_hallway_stairs
Orc:2:    grunt_orc_tribal_feast, layout_diamond_mine, mines_bat_river
Elf:1:    nicolae_elf_arrival_no_cutting_in_line, layout_geoelf_octagon,
          serial_shops, nicolae_book_shop_shelving,
          kennysheep_underground_church
Elf:2:    nicolae_elf_blades_splatter_lattice [grunt_blade_entry_basic],
          layout_rooms, minmay_shoptagon
Elf:3:    grunt_elf_hall_branching, layout_onion_city,
          infiniplex_enter_wizlab_glasses, minmay_shop_grove
Vaults:1: ebering_ghost_gozag, nicolae_vaults_big_ls, v_pattern_4,
          hangedman_vaults_cutoff, vaults_room_pool, ontoclasm_vaults_shout,
          nicolae_vaults_sesquioval_fish, hangedman_vaults_nails,
          nicolae_vaults_circle_grid_a, v_misc_30,
          nicolae_vaults_trapezoid_lopsided_3, layout_vaults_ring
Vaults:2: vaults_dpeg_diagonal, nicolae_vaults_surprise_closet,
          nicolae_vaults_trapezoid_4, v_misc_26,
          ontoclasm_vaults_loading_screen, nicolae_vaults_hallways_thing,
          hangedman_vaults_corner_blocks, nicolae_vaults_rhombus_6,
          nicolae_vaults_closet_pinwheel_2, v_misc_26,
          nicolae_vaults_network_barrier, ontoclasm_vaults_ring_small,
          v_alt_pattern_2, nicolae_vaults_storage_room_doors,
          grunt_vaults_bifocal, nicolae_vaults_diamond_2, layout_vaults_maze,
          uniq_jory
Vaults:3: nicolae_vaults_halls_meeting, ontoclasm_vaults_hangar,
          hangedman_vaults_snaps, nicolae_vaults_network_periphery,
          nicolae_vaults_three_branches, grunt_vaults_funnel,
          nicolae_vaults_what_the_h, v_alt_pattern_4,
          nicolae_vaults_trapezoid_1, v_pattern_2, nicolae_vaults_double_plus_2,
          nicolae_vaults_tetromino_T_2, vaults_room_stairs_pillars,
          layout_vaults_big_room, minmay_crypt_entry_skeletal_spiral
Vaults:4: gammafunk_ghost_wrathful_warriors, hangedman_vaults_cutoff,
          nicolae_vaults_frosty_reception, v_misc_26, grunt_vaults_diagonal,
          dpeg_vaults_waves, nicolae_vaults_network_s, v_misc_19,
          nicolae_vaults_trapezoid_lopsided_1, layout_vaults_omnigrid
Vaults:5
Crypt:1:  layout_gridlike, roderic_lattice_octagonal_star,
          grunt_crypt_arrival_guarded_gate, grunt_megastairs_4
Crypt:2:  layout_regular_city, lemuel_upstairs_altar, uniq_josephina
Crypt:3:  due_elkab, layout_chaotic_city, nicolae_tomb_entry_grand_gallery,
          serial_sigils, serial_sigils_hangedman_snap,
          serial_sigils_hangedman_gnaw, serial_sigils_hangedman_quiver
Tomb:1
Depths:1: layout_honeycomb, enter_ziggurat_c, rand_demon_pan_entry_9,
          serial_shops, nicolae_shop_just_a_little_nook,
          nicolae_shop_industrial_runoff, nicolae_shop_gaudy_bauble, shop, shop,
          amcnicky_mini_pool_small, hell_entry, grunt_decor_junction,
          corexii_corridor_pit, kennysheep_four_rooms, uniq_aizul
Depths:2: grunt_profane_halls [grunt_profane_temple_coc,
          grunt_profane_temple_tar, grunt_profane_temple_geh,
          grunt_profane_temple_dis, grunt_profane_loot], pan_entry, hell_entry,
          abyss_entry
Depths:3: hangedman_screamer, layout_cave_pools, rand_demon_pan_entry_4,
          hell_entry, fedhas_altar_4, abyss_entry
Depths:4: grunt_x_marks_the_spot, layout_basic, pf_hell_entry_tar_river,
          nicolae_abyss_entry_one_way_or_another, nzn_wu_jian_council_hall,
          hangedman_blasphemy
Hell
Zot:1:    layout_gridville, st_stairs_6, grunt_megastairs_5
Zot:2:    layout_twisted_circle
Zot:3:    layout_onion_interference
Zot:4:    layout_basic
Zot:5:    layout_concentric_octagons

Skill      XL: |  1  2  3  4  5  6  7  8  9 10 11 12 13 14 15 16 17 18 19 20 21 22 23 24 25 26 |
---------------+-------------------------------------------------------------------------------+-----
Long Blades    | 3 4 5 6 8 12 14 15 16 | 16.1
Conjurations   | 2 |  2.4
Evocations     | 3 7 9 12 | 12.7
Fighting       | 7 10 12 16 20 21 22 25 27 | 27.0
Dodging        | 3 6 7 10 12 14 | 14.0
Stealth        | 4 9 11 14 15 16 17 20 | 20.3
Translocations | 7 11 12 | 12.6
Hexes          | 3 10 | 10.0
Armour         | 9 13 15 | 15.0
Ranged Weapons | 7 8 10 | 10.5
Throwing       | 3 |  3.1

Action                     |  1- 3 |  4- 6 |  7- 9 | 10-12 | 13-15 | 16-18 | 19-21 | 22-24 | 25-27 || total
---------------------------+-------+-------+-------+-------+-------+-------+-------+-------+-------++-------
  Melee: Falchion          |   107 |   110 |   250 |   562 |   290 |       |       |       |       ||  1319
         Touch             |     9 |    16 |    63 |   154 |   308 |   292 |   261 |   401 |   184 ||  1688
         Punch             |     2 |     2 |     2 |     9 |    23 |    19 |    22 |    33 |    22 ||   134
         Dagger            |       |       |       |    18 |    86 |       |       |    57 |    55 ||   216
         Great sword       |       |       |       |     7 |       |     9 |   154 |    15 |       ||   185
         Demon blade       |       |       |       |       |   967 |  1366 |  1012 |  1502 |   675 ||  5522
         Headbutt          |       |       |       |       |       |   137 |   403 |   104 |       ||   644
         Double sword      |       |       |       |       |       |       |    31 |   132 |       ||   163
   Fire: Longbow           |       |       |       |       |       |    18 |       |       |       ||    18
         Shortbow          |       |       |       |       |       |       |       |     5 |    30 ||    35
  Throw: Dart              |       |       |       |     5 |     6 |       |       |     3 |       ||    14
   Cast: Blink             |       |       |       |       |       |       |     3 |     4 |     1 ||     8
         Confusing Touch   |       |       |       |       |       |       |     7 |       |     5 ||    12
         Passage of Golubr |       |       |       |       |       |       |     6 |       |       ||     6
  Evoke: Wand              |       |     2 |       |    16 |    17 |    26 |    10 |     4 |     4 ||    79
         Piece from Xom's  |       |       |     3 |    14 |     3 |     1 |       |       |       ||    21
         Phantom mirror    |       |       |       |       |     1 |     2 |     3 |     1 |     2 ||     9
         Lightning rod     |       |       |       |       |       |       |       |     1 |     4 ||     5
         Box of beasts     |       |       |       |       |       |       |       |       |     1 ||     1
    Use: Scroll            |       |     4 |       |    20 |    13 |    21 |    19 |    37 |    15 ||   129
         Potion            |       |       |     3 |     7 |    12 |     8 |     6 |     8 |     8 ||    52
   Stab: Confused          |     1 |       |     1 |    15 |     4 |     1 |    10 |    21 |    16 ||    69
         Sleeping          |     1 |       |       |    12 |    27 |    37 |    23 |    82 |    23 ||   205
         Invisible         |       |     3 |       |       |    20 |       |       |       |       ||    23
         Paralysed         |       |     5 |     6 |    23 |    11 |     3 |     3 |     2 |       ||    53
         Petrified         |       |       |       |    10 |     8 |       |     1 |     1 |       ||    20
         Distracted        |       |       |       |     2 |     5 |     9 |    15 |    20 |     9 ||    60
         Petrifying        |       |       |       |       |     2 |       |     2 |     1 |     4 ||     9
 Armour: Leather armour    |    45 |    39 |   142 |   239 |    78 |       |       |       |       ||   543
         Chain mail        |       |       |     4 |       |       |       |       |       |       ||     4
         Steam dragon scal |       |       |       |       |   325 |   411 |   272 |    46 |       ||  1054
         Shadow dragon sca |       |       |       |       |       |       |    10 |   899 |   534 ||  1443
  Dodge: Dodged            |    83 |    47 |   171 |   443 |   887 |  1140 |  1317 |   615 |   314 ||  5017
